 Dungeon Crawl Stone Soup version 0.28-a0-881-gae16bb6c82 (webtiles) character file.

Game seed: 15007548415594467644

8341847 mive the Slayer (level 27, 242/242 HPs)
             Began as a Demonspawn Wanderer on Nov 11, 2021.
             Was a High Priest of Okawaru.
             Escaped with the Orb
             ... and 15 runes on Nov 21, 2021!
             The game lasted 23:27:00 (209387 turns).

mive the Slayer (Demonspawn Wanderer)             Turns: 209387, Time: 23:27:01

Health: 242/242    AC: 30    Str: 16      XL:     27
Magic:  47/47      EV: 29    Int: 16 (21) God:    Okawaru [*****.]
Gold:   7359       SH: 33    Dex: 20      Spells: 2/67 levels left

rFire   + + +      SeeInvis +     - Unarmed
rCold   + + .      Faith    .   H - +8 tower shield of Kiosso {rF+ rC+ Will+ Str-2}
rNeg    . . .      Spirit   .   j - quicksilver dragon scales
rPois   .          Reflect  .   E - +2 hood of the Assassin {Detection Stab+ Stlth++}
rElec   .          Harm     .   Z - +2 cloak {Stlth+}
rCorr   +          Rampage  .   (gloves unavailable)
Will    ++++.                   s - +1 pair of boots of Uturo {rF+}
Stlth   +++.......              F - amulet of regeneration
HPRegen 1.50/turn               D - ring of Pafaprow {rF+ EV+4 Str+3}
MPRegen 0.30/turn               h - ring "Nelirch" {Wiz rC+ Dex+2}

@: studying 6 skills
A: claws 3, yellow scales 3, (demonic guardian 3), black mark, demonic magic 3,
bedeviling, aura of silence, beak, see invisible, agile 1, deterioration 1,
sense surroundings 1, screaming 1
0: Orb of Zot
}: 15/15 runes: decaying, serpentine, slimy, silver, golden, iron, obsidian,
icy, bone, abyssal, demonic, glowing, magical, fiery, dark
a: Renounce Religion, Heroism, Finesse, Duel


You escaped.
You worshipped Okawaru.
Okawaru was extremely pleased with you.
You visited 18 branches of the dungeon, and saw 89 of its levels.
You visited Pandemonium 1 time, and saw 10 of its levels.
You visited the Abyss 20 times.
You visited 1 ziggurat, and saw 13 of its levels.
You also visited: Trove, Ossuary, Ice Cave, Volcano and Wizlab.

You collected 18872 gold pieces.
You spent 11513 gold pieces at shops.

Inventory:

Hand Weapons
 g - the +4 staff of Dispater
   (You took it off Dispater in the Arena)

   It can be evoked to hurl damnation at the cost of health and magic, with
   strength depending on Evocations skill.
 w - a +9 vorpal hand crossbow
Missiles
 e - 30 curare-tipped darts
 f - a throwing net
 m - 8 boomerangs of dispersal
 x - 9 datura-tipped darts
 B - 15 javelins
 G - 45 atropa-tipped darts
 N - 2107 bolts
 U - 24 silver javelins (quivered)
Armour
 a - a scarf of shadows
 j - quicksilver dragon scales (worn)
 s - the +1 pair of boots of Uturo (worn) {rF+}
   (You found it on level 3 of the Snake Pit)

   rF:        It protects you from fire.
 E - the +2 hood of the Assassin (worn) {Detection Stab+ Stlth++}
   (You found it on level 5 of the Pits of Slime)

   It allows the wearer to sense nearby creatures.
   It allows the wearer to make particularly effective stabbing attacks against
   helpless or unaware enemies with any weapon.
   Stlth:     It makes you much more stealthy.
 H - the +8 tower shield of Kiosso (worn) {rF+ rC+ Will+ Str-2}
   (You took it off a daeva in Pandemonium)

   Str:       It affects your strength (-2).
   rF:        It protects you from fire.
   rC:        It protects you from cold.
   Will:      It increases your willpower.
 Z - a +2 cloak of stealth (worn)
Magical Staves
 z - a staff of air
Jewellery
 b - the ring of the Moon {+Blink rPois rC+ Will+ Str-3}
   (You found it in a treasure trove)

   [ring of willpower]

   Str:       It affects your strength (-3).
   rC:        It protects you from cold.
   rPois:     It protects you from poison.
   +Blink:    It lets you blink.
   Will:      It increases your willpower.
 h - the ring "Nelirch" (right claw) {Wiz rC+ Dex+2}
   (You acquired it on level 3 of the Elven Halls)

   [ring of wizardry]

   It improves your spell success rate.
   Dex:       It affects your dexterity (+2).
   rC:        It protects you from cold.
 k - the ring of Myuguc {rF+ rC+ rCorr}
   (You found it in a treasure trove)

   [ring of protection from fire]

   rF:        It protects you from fire.
   rC:        It protects you from cold.
   rCorr:     It protects you from acid and corrosion.
 A - the ring "Byus Xot" {*Corrode rElec rN+ Str+6 Int+2}
   (You took it off a deep elf pyromancer on level 3 of the Elven Halls)

   [ring of strength]

   Str:       It affects your strength (+6).
   Int:       It affects your intelligence (+2).
   rElec:     It insulates you from electricity.
   rN:        It protects you from negative energy.
   *Corrode:  It may corrode you when you take damage.
 D - the ring of Pafaprow (left claw) {rF+ EV+4 Str+3}
   (You found it on level 5 of the Pits of Slime)

   [ring of evasion]

   EV:        It affects your evasion (+4).
   Str:       It affects your strength (+3).
   rF:        It protects you from fire.
 F - an amulet of regeneration (around neck)
 V - the ring of Mochabotz {Wiz rElec rF- Int+3 Stlth+}
   (You found it on level 5 of the Pits of Slime)

   [ring of wizardry]

   It improves your spell success rate.
   Int:       It affects your intelligence (+3).
   rF:        It makes you vulnerable to fire.
   rElec:     It insulates you from electricity.
   Stlth:     It makes you more stealthy.
Wands
 I - a wand of digging (8)
 J - a wand of paralysis (47)
 T - a wand of acid (19)
Scrolls
 d - 12 scrolls of teleportation
 l - 2 scrolls of magic mapping
 q - 6 scrolls of blinking
 K - 7 scrolls of immolation
 L - 9 scrolls of silence
 P - 12 scrolls of fear
 Q - 5 scrolls of fog
 Y - 14 scrolls of vulnerability
Potions
 c - 4 potions of magic
 i - 18 potions of curing
 n - 6 potions of ambrosia
 o - 10 potions of flight
 p - 4 potions of berserk rage
 r - 3 potions of might
 t - 11 potions of brilliance
 u - 19 potions of heal wounds
 v - 9 potions of lignification
 y - a potion of resistance
 C - 3 potions of cancellation
 O - 7 potions of mutation
 S - a potion of haste
 X - 3 potions of invisibility
Miscellaneous
 M - a condenser vane
 R - a tin of tremorstones (2/2)
 W - a phial of floods


   Skills:
 - Level 25.0 Fighting
 - Level 1.0 Short Blades
 - Level 5.0 Crossbows
 + Level 12.0 Throwing
 + Level 21.8 Armour
 + Level 21.5 Dodging
 - Level 15.0 Stealth
 - Level 23.4 Shields
 - Level 22.0 Unarmed Combat
 + Level 20.9 Spellcasting
 - Level 15.0 Conjurations
 - Level 20.0 Necromancy
 - Level 4.0 Translocations
 - Level 17.2 Transmutations
 - Level 9.6 Fire Magic
 - Level 18.0 Air Magic
 + Level 16.2 Earth Magic
 - Level 12.5 Invocations
 - Level 15.0 Evocations


You had 2 spell levels left.
You knew the following spells:

 Your Spells              Type           Power      Damage    Failure   Level
a - Statue Form           Tmut/Erth      42%        N/A       1%          6
b - Passwall              Tmut/Erth      52%        N/A       0%          2
c - Sublimation of Blood  Necr           69%        N/A       0%          2
d - Orb of Destruction    Conj           30%        9d11      3%          7
e - Blink                 Tloc           58%        N/A       1%          2
f - Wereblood             Tmut           64%        N/A       0%          2
g - Apportation           Tloc           58%        N/A       1%          1
h - Iron Shot             Conj/Erth      30%        9d6       1%          6
i - Irradiate             Conj/Tmut      31%        3d24      1%          5
j - Borgnjor's Revivific  Necr           34%        N/A       3%          8
k - Maxwell's Capacitive  Air            32%        ∞         9%          8
l - Storm Form            Tmut/Air       32%        N/A       1%          7
m - Necromutation         Tmut/Necr      33%        N/A       6%          8
n - Foxfire               Conj/Fire      100%       2x1d9     1%          1

Your spell library contained the following spells:

 Spells                   Type           Power      Damage    Failure   Level
 Beastly Appendage        Tmut           100%       N/A       0%          1
 Magic Dart               Conj           100%       1d8       0%          1
 Pain                     Necr           100%       1d9       0%          1
 Sandblast                Erth           100%       2d20      0%          1
 Shock                    Conj/Air       100%       1d9       0%          1
 Corpse Rot               Necr/Air       100%       N/A       0%          2
 Searing Ray              Conj           100%       2d8       0%          2
 Static Discharge         Conj/Air       62%        N/A       0%          2
 Sting                    Tmut/Pois      100%       1d8       1%          1
 Poisonous Vapours        Pois/Air       90%        N/A       1%          2
 Scorch                   Fire           94%        2d9       1%          2
 Freeze                   Ice            64%        1d8       2%          1
 Slow                     Hex            100%       N/A       2%          1
 Swiftness                Air            65%        N/A       0%          3
 Vampiric Draining        Necr           69%        2d10      0%          3
 Dispel Undead            Necr           69%        3d23      0%          4
 Conjure Flame            Conj/Fire      54%        6-21      1%          3
 Dazzling Flash           Conj/Hex       100%       N/A       1%          3
 Gell's Gravitas          Tloc           29%        N/A       1%          3
 Ignite Poison            Fire/Tmut/Pois 45%        N/A       1%          3
 Inner Flame              Hex/Fire       48%        N/A       1%          3
 Lesser Beckoning         Tloc           29%        N/A       1%          3
 Mephitic Cloud           Conj/Pois/Air  51%        N/A       1%          3
 Spider Form              Tmut/Pois      44%        N/A       1%          3
 Stone Arrow              Conj/Erth      100%       3d13      1%          3
 Teleport Other           Tloc           29%        N/A       1%          3
 Airstrike                Air            32%        N/A       1%          4
 Flame Wave               Conj/Fire      54%        3d10      1%          4
 Fulminant Prism          Conj/Hex       28%        3d14      1%          4
 Hailstorm                Conj/Ice       40%        3d10      1%          4
 Ice Form                 Ice/Tmut       44%        N/A       1%          4
 Iskenderun's Mystic Bla  Conj/Tloc      47%        2d10      1%          4
 Leda's Liquefaction      Hex/Erth       29%        N/A       1%          4
 Petrify                  Tmut/Erth      63%        N/A       1%          4
 Sticky Flame             Conj/Fire      54%        2d7       1%          4
 Agony                    Necr           69%        N/A       1%          5
 Alistair's Intoxication  Tmut/Pois      29%        N/A       1%          5
 Blade Hands              Tmut           32%        N/A       1%          5
 Borgnjor's Vile Clutch   Necr/Erth      33%        N/A       1%          5
 Excruciating Wounds      Necr           34%        N/A       1%          5
 Fireball                 Conj/Fire      27%        3d12      1%          5
 Freezing Cloud           Conj/Ice/Air   25%        6-21      1%          5
 Iskenderun's Battlesphe  Conj           60%        2d11      1%          5
 Lee's Rapid Deconstruct  Erth           31%        3d17*     1%          5
 Lightning Bolt           Conj/Air       31%        1d48      1%          5
 Silence                  Hex/Air        31%        N/A       1%          5
 Yara's Violent Unravell  Hex/Tmut       30%        3d13      1%          5
 Conjure Ball Lightning   Conj/Air       31%        3x3d10    1%          6
 Starburst                Conj/Fire      27%        6d9       1%          6
 Dragon Form              Tmut           32%        N/A       1%          7
 Passage of Golubria      Tloc           29%        N/A       4%          4
 Confusing Touch          Hex            25%        N/A       6%          3
 Frozen Ramparts          Ice            32%        1d5       6%          3
 Eringya's Noxious Bog    Tmut/Pois      22%        N/A       9%          6
 Manifold Assault         Tloc           29%        N/A       12%         5
 Cause Fear               Hex            12%        N/A       21%         4
 Olgreb's Toxic Radiance  Pois           16%        N/A       21%         4
 Lehudib's Crystal Spear  Conj/Erth      30%        10d8      22%         8
 Death's Door             Necr           34%        N/A       45%         9
 Metabolic Englaciation   Hex/Ice        12%        N/A       47%         5
 Dispersal                Tloc           14%        N/A       50%         6
 Chain Lightning          Conj/Air       31%        3d41      90%         9
 Ignition                 Fire           23%        3d8       92%         8
 Shatter                  Erth           31%        3d25*     92%         9
 Ozocubu's Refrigeration  Ice            8%         4d6       100%        7
 Disjunction              Tloc           14%        N/A       100%        8
 Fire Storm               Conj/Fire      27%        8d7       100%        9
 Polar Vortex             Ice            8%         N/A       100%        9
 Animate Skeleton         Necr           Unusable   N/A       N/A         1
 Summon Small Mammal      Summ           Unusable   N/A       N/A         1
 Call Imp                 Summ           Unusable   N/A       N/A         2
 Animate Dead             Necr           Unusable   N/A       N/A         4
 Summon Lightning Spire   Summ/Air       Unusable   N/A       N/A         4
 Death Channel            Necr           Unusable   N/A       N/A         6
 Simulacrum               Ice/Necr       Unusable   N/A       N/A         6
 Summon Guardian Golem    Hex/Summ       Unusable   N/A       N/A         3
 Summon Forest            Summ/Tloc      Unusable   N/A       N/A         5
 Spellforged Servitor     Conj/Summ      Unusable   N/A       N/A         7
 Summon Hydra             Summ           Unusable   N/A       N/A         7
 Dragon's Call            Summ           Unusable   N/A       N/A         9

Dungeon Overview and Level Annotations

Branches:
Dungeon (15/15)            Temple (1/1) D:6            Lair (6/6) D:10
  Swamp (4/4) Lair:4        Snake (4/4) Lair:3        Slime (5/5) Lair:6
    Orc (2/2) D:12            Elf (3/3) Orc:2        Vaults (5/5) D:13
  Crypt (3/3) Vaults:3       Tomb (3/3) Crypt:3      Depths (4/4) D:15
   Hell (visited)             Dis (7/7) Hell            Geh (7/7) Hell
    Coc (7/7) Hell            Tar (7/7) Hell            Zot (5/5) Depths:4
Ossuary (visited)           IceCv (visited)         Volcano (visited)
 WizLab (visited)

Altars:
Ashenzari
Cheibriados
Dithmenos
Elyvilon
Fedhas
Gozag
Hepliaklqana
Kikubaaqudgha
Makhleb
Nemelex Xobeh
Okawaru
Qazlal
Ru
Sif Muna
Trog
Uskayaw
Vehumet
Wu Jian
Xom
Yredelemnul
Zin
The Shining One
Beogh
Jiyva

Shops:
D:3 !   D:6 (   D:7 *   Orc:1 *(   Orc:2 !*[[   Snake:2 *   Snake:4 =:
Vaults:2 :*   Depths:1 *(   Depths:3 :

Portals:
Hell: Depths:1 Depths:2 Depths:3 Depths:4
Abyss: Depths:1 Depths:2 Depths:3
Pandemonium: Depths:1 Depths:2
Ziggurat: Depths:1

Annotations:
D:12 2 runed translucent doors, benitares's ghost, journeyman TrFi
Elf:1 Roxanne
Elf:2 3 runed translucent doors, exclusion: 3 doors
Zot:1 3 runed translucent doors, exclusion: 3 doors, temitten's ghost, veteran MiFi


Innate Abilities, Weirdness & Mutations

You have claws for hands.
You are completely covered in yellow scales. (AC +4, rCorr)
((A powerful demonic guardian rushes to your aid.))
Your melee attacks may debilitate your foes.
Spells you cast and wands you use may paralyse nearby enemies.
Your hexes are more powerful.
You are surrounded by an aura of silence.
You have a beak for a mouth.
You have supernaturally acute eyesight. (SInv)
You are agile. (Dex +2)
Your body sometimes deteriorates upon taking damage.
You passively map a small area around you.
You occasionally shout uncontrollably at your foes.


Message History

You mangle the toenail golem!!
The toenail golem is almost destroyed.
You block the toenail golem's attack.
You mangle the toenail golem!!
You destroy the toenail golem!
Okawaru accepts your kill.
(D) Dungeon (T) Temple (L) Lair (S) Swamp (P) Snake Pit (M) Slime Pits (O) Orcish Mines (E) Elven Halls (V) Vaults (C) Crypt (W) Tomb (U) Depths (H) Hell (I) Dis (G) Gehenna (X) Cocytus (Y) Tartarus (Z) Zot
Where to? (Enter - D:1 @ (x,y), ? - help)
What level of the Dungeon? (default 1, ? - help)
You climb upwards.
There is a stone staircase leading down here.
There is a stone staircase leading up here.
You climb upwards.
There is a stone staircase leading down here.
There is a stone staircase leading up here.
You climb upwards.
There is a stone staircase leading down here.
You see here a +0 ring mail.
There is a stone staircase leading up here.
You climb upwards.
There is a stone staircase leading down here.
A demonspawn warmonger comes into view.
It is wielding a +1 dire flail of protection.
There is an escape hatch in the ceiling here.
A mysterious force pulls you upwards. The hatch slams shut behind you.
(D) Dungeon (T) Temple (L) Lair (S) Swamp (P) Snake Pit (M) Slime Pits (O) Orcish Mines (E) Elven Halls (V) Vaults (C) Crypt (W) Tomb (U) Depths (H) Hell (I) Dis (G) Gehenna (X) Cocytus (Y) Tartarus (Z) Zot
Where to? (Enter - D:1 @ (x,y), ? - help)
What level of the Dungeon? (default 1, ? - help)
Things that are here:
a +0 short sword; a +0 dagger You see here a +0 short sword.
There is a staircase leading out of the dungeon here.
You have escaped!

#..).....# #..)...###..
#..####..# #..##'## ###
#..# #..# #..#...#
#..####..## #..##..#####
#..##.....# #..#.......#
#.........# #..#...#####
#.........# #..#....####
#.........###..#......##
#..##..@....)..##..##...
#..##..........#...#####
#..#####)####..#...# #
#..# #.# #..##..#####
#..# #.# #..##.......
#..# #.# #..##.######
#..#####.####..##.#
#..............##.#
#..........†...##.# ####


There were no monsters in sight!

Vanquished Creatures
  Cerebov (Arena)
  Antaeus (Arena)
  Asmodeus (Arena)
  Ereshkigal (Arena)
  the Royal Jelly (Arena)
  Lom Lobon (Pan)
  A seraph (Arena)
  Mnoleg (Arena)
  18 dread liches
  Gloorx Vloq (Arena)
  Dispater (Arena)
  14 ancient liches
  Khufu (Tomb:2)
  3 orbs of fire (Zot:5)
  7 juggernauts
  Sojobo (Vaults:2)
  34 royal mummies
  Boris (Depths:4)
  4 Killer Klowns
  28 shard shrikes
  Vashnia (Snake:4)
  2 curse toes
  24 caustic shrikes
  Geryon (Arena)
  12 golden dragons
  A pearl dragon (Pan)
  A mutant beast (WizLab)
  15 profane servitors
  16 bone dragons
  18 Tzitzimimeh
  15 hellephants
  19 tentacled monstrosities
  15 Brimstone Fiends
  6 doom hounds
  22 iron giants
  11 Ice Fiends
  Jorgrun (Arena)
  7 liches
  2 electric golems (Zot:5)
  Asterion (Snake:4)
  25 Hell Sentinels
  27 Orb Guardians
  A walking crystal tome (Depths:2)
  23 searing wretches
  20 tainted leviathans
  11 quicksilver dragons
  16 titans
  23 acid blobs
  Murray (Depths:4)
  4 deep elf master archers
  6 deep elf blademasters
  13 death cobs
  A walking frostbound tome (Depths:2)
  22 tentacled starspawn
  16 Executioners
  A kraken (Abyss:1)
  11 sphinxes
  23 ancient champions
  Kirke (D:12)
  Donald (Crypt:2)
  Gastronok (Lair:3)
  8 tengu reavers
  17 storm dragons
  5 demonspawn warmongers
  14 shadow dragons
  3 nagarajas
  12 narguns
  7 draconian monks
  10 quicksilver elementals
  9 azure jellies
  11 rockslimes
  8 revenants
  11 daevas
  5 draconian scorchers
  9 iron dragons
  3 spectral juggernauts
  14 frost giants
  12 draconian knights
  33 fire giants
  15 deep elf sorcerers
  12 cacodemons
  47 balrugs
  11 vault wardens
  6 shard shrike simulacra
  3 ghost moths
  32 angels
  A caustic shrike zombie (Crypt:3)
  5 draconian shifters
  7 draconian stormcallers
  An orc warlord (Elf:1)
  9 curse skulls
  A juggernaut zombie (Abyss:3)
  3 demonspawn corrupters (Pan)
  A spectral caustic shrike (Tar:6)
  10 quicksilver oozes
  18 ironbound preservers
  7 deep elf elementalists
  2 caustic shrike skeletons
  A spriggan defender (Depths:2)
  3 ghouls (Crypt:1)
  13 reapers
  16 apis (Pan)
  A demonspawn blood saint (Pan)
  46 very ugly things
  14 war gargoyles
  4 vampire knights
  7 draconian annihilators
  A juggernaut skeleton (Depths:1)
  10 ophanim
  A spectral titan (Tar:1)
  13 stone giants
  22 elemental wellsprings
  Nessos (D:15)
  16 bennus
  13 white draconians
  23 putrid mouths
  11 green draconians
  11 yellow draconians
  2 entropy weavers (Vaults:2)
  7 deep elf demonologists
  7 bunyips
  12 black draconians
  5 lorocyprocas
  15 red draconians
  18 wendigos
  9 purple draconians
  12 deep elf annihilators
  4 dire elephants
  5 blizzard demons
  27 mummy priests
  A quicksilver dragon zombie (Crypt:3)
  22 ettins
  13 deep elf death magi
  14 green deaths
  2 spectral iron giants
  8 deep elf high priests
  A merfolk javelineer (Zig:12)
  3 eleionomae
  A spectral quicksilver dragon (Tar:2)
  19 eidola
  Snorg (D:11)
  2 merfolk impalers (Zig:12)
  2 crystal guardians (Vaults:4)
  12 jiangshi
  2 shambling mangroves (Swamp:4)
  4 fire dragons
  12 great orbs of eyes
  17 yaktaur captains
  6 boulder beetles
  29 vault guards
  2 quicksilver dragon skeletons
  A hydra (shapeshifter) (D:15)
  7 rakshasas
  13 ironbound thunderhulks
  7 salamander tyrants
  8 naga warriors
  Fannar (Lair:2)
  7 ogre magi
  4 peacekeepers (Vaults:4)
  A hell beast (Hell)
  29 hydras
  A spriggan air mage (Depths:2)
  13 ice dragons
  12 caustic shrike simulacra
  A boulder beetle (shapeshifter) (Vaults:4)
  11 juggernaut simulacra
  An alligator snapping turtle (Zig:12)
  4 catoblepae
  5 death knights
  8 anacondas
  3 merfolk aquamancers (Zig:12)
  11 ironbound frosthearts
  20 dancing weapons
  A merfolk avatar (Zig:12)
  7 deep troll shamans
  9 stokers
  25 centaur warriors
  68 death scarabs
  A satyr (Zig:12)
  4 alligators
  6 tengu warriors
  9 death yaks
  27 two-headed ogres
  5 spectral nagas
  5 spriggan berserkers
  17 thrashing horrors (Abyss:1)
  11 deep troll earth magi
  13 vampire magi
  42 hell hogs
  7 spectral spriggans
  82 large abominations
  An orc high priest (Elf:1)
  23 naga sharpshooters
  A titan zombie (Tomb:1)
  Nergalle (D:11)
  11 shock serpents
  15 deep elf knights
  13 crystal echidnas
  A spectral dire elephant (Tar:5)
  22 sixfirhies
  Sonja (D:12)
  19 soul eaters
  31 hell knights
  A fire crab (shapeshifter) (Elf:3)
  13 shadow wraiths
  63 sun demons
  12 iron trolls
  A titan skeleton (Pan)
  A death drake (Abyss:1)
  14 cherubim (Pan)
  A golden dragon zombie (Abyss:2)
  A spatial maelstrom (Abyss:1)
  3 bunyip zombies
  8 glowing orange brains
  3 goliath frogs
  3 spectral anacondas
  11 wretched stars (Abyss:1)
  4 anaconda zombies (Crypt:3)
  A deep troll (shapeshifter) (WizLab)
  5 quicksilver dragon simulacra
  A spark wasp zombie (Depths:1)
  78 deep trolls
  4 sea snakes
  5 shadow demons (Pan)
  5 bog bodies
  33 deep elf archers
  4 spriggan druids
  2 orange crystal statues
  35 skeletal warriors
  A swamp dragon (shapeshifter) (WizLab)
  2 spectral hydras (Tar:1)
  8 swamp dragons
  A golden dragon skeleton (Crypt:3)
  8 flayed ghosts
  2 anaconda skeletons
  2 harpies (shapeshifter)
  9 lindwurms
  8 orc knights
  2 spectral iron dragons
  6 naga ritualists
  11 phantasmal warriors
  5 harpies
  44 deep elf pyromancers
  2 orb spiders (shapeshifter)
  A fenstrider witch simulacrum (Coc:1)
  5 obsidian statues
  2 orb spiders
  17 wizards
  30 deep elf zephyrmancers
  A shadow dragon zombie (Depths:1)
  25 necromancers
  3 orc sorcerers
  A tengu zombie (Depths:1)
  10 mana vipers
  5 shining eyes
  17 ironbound convokers
  A faun (shapeshifter) (WizLab)
  6 wolf spiders
  9 worldbinders
  2 stone giant zombies
  A salamander (shapeshifter) (Vaults:5)
  75 ugly things
  4 salamanders
  A spectral ettin (Tar:2)
  A frost giant zombie (Vaults:3)
  5 manticores
  6 will-o-the-wisps
  20 moths of wrath
  8 cyclopes
  A spectral centaur (Tar:1)
  4 stone giant skeletons
  14 elephants
  2 tengu skeletons
  2 merfolk sirens (Zig:12)
  17 vault sentinels
  4 rust devils
  43 black mambas
  4 apocalypse crabs
  3 dire elephant zombies
  A moth of wrath (shapeshifter) (WizLab)
  2 water nymphs (Zig:12)
  4 ice statues
  7 naga magi
  3 black mambas (shapeshifter)
  An iron dragon skeleton (Abyss:1)
  An elephant (shapeshifter) (WizLab)
  A toenail golem (D:6)
  7 titan simulacra
  25 orange demons
  40 smoke demons
  3 torpor snails
  5 guardian serpents
  2 centaur skeletons
  3 spriggan zombies
  9 cane toads
  3 eyes of devastation
  25 hellions
  An alligator snapping turtle zombie (Crypt:3)
  2 dire elephant skeletons
  A white draconian zombie (Crypt:1)
  6 unseen horrors
  3 spectral swamp worms (Tar:7)
  8 rime drakes
  3 yaktaurs (shapeshifter)
  2 black draconian zombies (Crypt:2)
  A naga skeleton (Crypt:3)
  16 tormentors
  15 komodo dragons
  6 human skeletons (Vaults:3)
  2 alligator snapping turtle skeletons
  13 demonic crawlers
  A sea snake zombie (Crypt:1)
  3 ice devils
  32 yaktaurs
  20 efreet
  An iron troll zombie (Dis:1)
  A yellow draconian skeleton (Crypt:1)
  36 hellwings
  A tengu conjurer (Depths:2)
  A komodo dragon (shapeshifter) (WizLab)
  6 ancient zymes
  A bunyip simulacrum (Coc:2)
  2 silent spectres
  A white draconian skeleton (Crypt:2)
  6 red devils
  7 anaconda simulacra
  2 elves (WizLab)
  A black draconian skeleton (Crypt:2)
  3 entropy weaver simulacra (IceCv)
  A grey draconian skeleton (Crypt:1)
  4 harpy zombies
  A golden dragon simulacrum (Coc:4)
  44 guardian mummies
  7 spectral harpies
  An iron troll skeleton (Dis:1)
  2 elf skeletons (Vaults:3)
  A bloated husk (Swamp:1)
  6 iron giant simulacra
  A yaktaur skeleton (Vaults:3)
  16 freezing wraiths
  2 polar bears (shapeshifter) (WizLab)
  2 merfolk (Zig:12)
  3 meliai (D:13)
  4 jumping spiders (Crypt:3)
  A jumping spider (shapeshifter) (WizLab)
  A meliai (shapeshifter) (WizLab)
  6 tyrant leeches
  3 queen bees (shapeshifter)
  65 slime creatures
  18 hornets
  8 trolls
  An iron dragon simulacrum (Coc:3)
  2 hydra skeletons
  8 polar bears
  34 raiju
  32 blink frogs
  7 harpy skeletons
  2 raiju (shapeshifter) (WizLab)
  A wind drake (Zig:12)
  A dream sheep (shapeshifter) (Zig:10)
  Prince Ribbit (Lair:2)
  2 blink frogs (shapeshifter) (WizLab)
  An ice dragon zombie (Crypt:2)
  6 dream sheep (Lair:6)
  3 ettin skeletons
  4 stone giant simulacra
  11 flying skulls
  An ettin zombie (Abyss:1)
  2 centaur simulacra
  An ice dragon skeleton (Pan)
  2 shadows (Abyss:1)
  13 redbacks
  A tarantella (shapeshifter) (Abyss:1)
  An alligator skeleton (Crypt:1)
  2 tarantellas (Zig:6)
  8 wyverns
  34 yaks
  A spriggan (shapeshifter) (Depths:4)
  3 vampires
  28 ynoxinuls
  17 spriggans
  14 water elementals
  6 air elementals
  14 wraiths
  3 alligator snapping turtle simulacra
  A deep troll skeleton (Vaults:3)
  5 dire elephant simulacra
  19 golden eyes
  6 spriggan skeletons
  20 ushabtiu
  The ghost of envnewn the Vexing, an amateur SpEn of Dithmenos (D:6)
  4 basilisks
  6 humans
  3 black mamba skeletons
  5 fire elementals
  2 hogs (shapeshifter)
  9 chaos spawn
  3 yaks (shapeshifter) (WizLab)
  2 death yak simulacra (IceCv)
  A fire bat (Abyss:1)
  14 neqoxecs
  A golden eye (shapeshifter) (WizLab)
  3 hogs
  A basilisk (shapeshifter) (WizLab)
  A steam dragon (D:8)
  5 vampire mosquitoes
  A human simulacrum (Vaults:3)
  24 iron golems
  25 nagas
  6 wargs
  84 small abominations
  14 harpy simulacra
  22 water moccasins
  19 swamp worms
  An acid dragon (D:9)
  3 naga zombies (Crypt:3)
  6 hydra simulacra
  A floating eye (shapeshifter) (WizLab)
  5 hell hounds
  An ogre skeleton (Vaults:3)
  5 floating eyes
  A hornet zombie (Crypt:2)
  4 ice beasts
  2 ice beasts (shapeshifter)
  4 black bears
  29 orc warriors
  7 swamp drakes (Swamp:4)
  30 ogres
  12 ettin simulacra
  A swamp dragon skeleton (Crypt:1)
  23 wolves
  A phantom (D:6)
  11 centaurs
  8 boggarts
  4 kobold brigands
  4 elf zombies
  10 bullfrogs
  A demonspawn simulacrum (Tomb:1)
  6 earth elementals
  2 gnoll sergeants
  A water moccasin zombie (D:6)
  4 two-headed ogre simulacra (IceCv)
  2 scorpions
  2 cane toad simulacra (Lair:1)
  A glowing shapeshifter simulacrum (Zig:11)
  6 wyvern skeletons (Crypt:3)
  A water moccasin skeleton (D:5)
  12 wights
  6 elephant simulacra (IceCv)
  11 killer bees
  The ghost of paps the Sneak, a weakling OpDe (D:4)
  5 howler monkeys
  6 electric eels
  10 crimson imps
  7 centaur zombies
  8 quasits (Abyss:1)
  79 starcursed masses
  A black bear zombie (Crypt:2)
  A hound (D:5)
  5 jellies
  2 human zombies
  13 orc priests
  9 iron imps (Abyss:1)
  Jessica (D:2)
  16 iguanas
  19 orc wizards
  3 hell rats
  13 spriggan simulacra
  4 polar bear simulacra
  4 troll simulacra (IceCv)
  A wolf simulacrum (IceCv)
  A killer bee zombie (D:5)
  The ghost of paps the Sneak, a weakling OpDe (D:5)
  A hound zombie (Ossuary)
  2 hound skeletons
  43 mummies
  A howler monkey zombie (D:9)
  3 adders (D:2)
  8 gnolls
  A howler monkey skeleton (D:7)
  11 naga simulacra
  3 shadow imps
  15 white imps
  15 ufetubi
  3 adder zombies (Ossuary)
  A halfling skeleton (Crypt:1)
  A dart slug (D:2)
  53 orcs
  13 ball pythons
  8 endoplasms
  2 giant cockroaches
  4 gnoll zombies
  4 goblins
  5 hobgoblins
  3 jackals (D:1)
  A quokka (D:3)
  6 bats
  17 frilled lizards
  A gnoll skeleton (Crypt:2)
  7 goblin zombies
  7 hobgoblin zombies (Ossuary)
  3 jackal zombies (Ossuary)
  33 kobolds
  3 kobold zombies
  2 orc zombies (Ossuary)
  2 rats (D:1)
  6 rat zombies
  A ball lightning (Abyss:1)
  A bush (D:9)
  2 creeping infernos
  35 fire vortices
  A lurking horror (Abyss:1)
  12 starspawn tentacles (Abyss:1)
  4 tentacles (Abyss:1)
4781 creatures vanquished.

Vanquished Creatures (others)
  An eldritch tentacle (Pan)
  An elemental wellspring (Coc:5)
  A green death (Pan)
  A caustic shrike simulacrum (Coc:7)
  A hydra (Swamp:4)
  A dancing weapon (Elf:2)
  2 stokers (Geh:5)
  A tengu warrior (Depths:3)
  A deep elf knight (Elf:1)
  A quicksilver dragon simulacrum (Coc:4)
  2 deep elf zephyrmancers
  3 wizards (Pan)
  A deep elf pyromancer (Elf:2)
  2 smoke demons (Pan)
  An anaconda simulacrum (Coc:7)
  2 bloated husks
  A harpy skeleton (Hell)
  2 large abominations
  A dire elephant simulacrum (Coc:1)
  A spriggan simulacrum (Coc:7)
  A wyvern (D:8)
  7 harpy simulacra
  2 swamp drakes
  A deep troll simulacrum (Coc:2)
  A hell rat (Hell)
  A worm (shapeshifter) (WizLab)
  An orc (Vaults:5)
  7 ball lightnings (Pan)
  A bush (Lair:6)
  2 creeping infernos
  4 fire vortices
  28 foxfires
  55 fungi
  123 plants
  44 starspawn tentacles
  5 tentacles (Abyss:1)
  18 withered plants (Crypt:3)
328 creatures vanquished.

Grand Total: 5109 creatures vanquished

Notes
Turn   | Place    | Note
-------+----------+-------------------------------------------
     0 | D:1      | mive the Demonspawn Wanderer began the quest for the Orb.
     0 | D:1      | mive set off with the following items: a +2 dagger, 4
                  | curare-tipped darts, a +0 short sword, a scroll of
                  | teleportation, a +0 robe
     0 | D:1      | Reached XP level 1. HP: 19/19 MP: 1/1
   691 | D:1      | Reached skill level 1 in Armour
   691 | D:1      | Gained mutation: You are partially covered in yellow
                  | scales. (AC +2) [demonic ancestry]
   691 | D:1      | Reached XP level 2. HP: 21/25 MP: 2/2
  1576 | D:1      | Gained mutation: A weak demonic guardian rushes to your
                  | aid. [demonic ancestry]
  1576 | D:1      | Reached XP level 3. HP: 24/31 MP: 3/3
  2183 | D:2      | Found a faded altar of an unknown god.
  2786 | D:2      | You fall into a shaft and drop 2 floors!
  2850 | D:4      | Gained mutation: Spells you cast may paralyse adjacent
                  | enemies. [demonic ancestry]
  2850 | D:4      | Reached XP level 4. HP: 34/38 MP: 4/4
  3034 | D:4      | Noticed a wyvern
  3035 | D:4      | Found a transporter.
  3035 | D:4      | Noticed paps's ghost (weakling OpDe)
  3057 | D:4      | Found a transporter.
  3058 | D:4      | Noticed a wyvern
  3068 | D:4      | Killed a wyvern
  3069 | D:4      | Reached skill level 5 in Fighting
  3069 | D:4      | Gained mutation: You have sharp fingernails. [demonic
                  | ancestry]
  3069 | D:4      | Reached XP level 5. HP: 46/46 MP: 5/5
  3694 | D:3      | Found an iron altar of Okawaru.
  3789 | D:3      | Became a worshipper of Warmaster Okawaru
  4287 | D:2      | Noticed Jessica
  4480 | D:3      | Found Baceath's Distillery.
  4511 | D:3      | Bought a potion of haste for 140 gold pieces
  4638 | D:4      | Noticed a water moccasin
  4698 | D:5      | Entered Level 5 of the Dungeon
  4835 | D:5      | Noticed an ogre
  4847 | D:5      | Killed an ogre
  4848 | D:5      | Reached skill level 1 in Invocations
  4848 | D:5      | Gained mutation: You are mostly covered in yellow scales.
                  | (AC +3) [demonic ancestry]
  4848 | D:5      | Reached XP level 6. HP: 52/52 MP: 6/6
  4896 | D:5      | Reached skill level 6 in Fighting
  4896 | D:5      | Reached skill level 1 in Unarmed Combat
  5040 | D:5      | Found a runed translucent gate.
  5040 | D:5      | Found a runed translucent gate.
  5040 | D:5      | Found a runed translucent gate.
  5044 | D:5      | Noticed paps's ghost (weakling OpDe)
  5276 | D:5      | Reached XP level 7. HP: 39/58 MP: 8/8
  6454 | D:5      | Reached * piety under Okawaru
  6455 | D:5      | Reached skill level 1 in Shields
  6657 | D:6      | Found a staircase to the Ecumenical Temple.
  6848 | D:6      | Reached ** piety under Okawaru
  6849 | D:6      | Gained mutation: You have very sharp fingernails. [demonic
                  | ancestry]
  6849 | D:6      | Reached XP level 8. HP: 63/65 MP: 10/10
  6936 | D:6      | Reached skill level 7 in Fighting
  7074 | D:6      | Noticed a hornet
  7094 | D:6      | Noticed envnewn's ghost (amateur SpEn)
  7104 | D:6      | Found a transporter.
  7108 | D:6      | Found a transporter.
  7774 | D:6      | Found Ucanoin's Weapon Shoppe.
  7855 | Temple   | Entered the Ecumenical Temple
  8453 | D:5      | Found a runed translucent gate.
  8453 | D:5      | Found a runed translucent gate.
  8453 | D:5      | Found a runed translucent gate.
  9013 | D:7      | Found Kiocsisey's Overcharged Wands.
  9312 | D:7      | Found a sand-covered staircase.
  9319 | Ossuary  | Entered an ossuary
  9619 | Ossuary  | Reached XP level 9. HP: 63/73 MP: 11/11
  9871 | Ossuary  | Reached *** piety under Okawaru
 10194 | D:7      | Found a hazy altar of Hepliaklqana.
 10769 | D:8      | Reached skill level 5 in Armour
 11347 | D:8      | Reached skill level 8 in Fighting
 11350 | D:8      | Reached skill level 1 in Evocations
 11433 | D:8      | Reached skill level 5 in Unarmed Combat
 11534 | D:8      | Learned a level 6 spell: Statue Form
 11553 | D:8      | Found an ancient bone altar of Kikubaaqudgha.
 11834 | D:8      | Learned a level 2 spell: Passwall
 12131 | D:9      | Found a shimmering altar of Xom.
 12674 | D:10     | Entered Level 10 of the Dungeon
 13334 | D:3      | Found a radiant altar of Vehumet.
 13340 | D:3      | Found a snail-covered altar of Cheibriados.
 13342 | D:3      | Found a shimmering blue altar of Sif Muna.
 13343 | D:3      | Found a shadowy altar of Dithmenos.
 13345 | D:3      | Found a burning altar of Makhleb.
 13820 | D:2      | Found a faded altar of an unknown god.
 14154 | D:2      | Killed Jessica
 14353 | D:4      | Killed paps's ghost
 14609 | D:10     | Noticed a two-headed ogre
 14618 | D:10     | Killed a two-headed ogre
 14618 | D:10     | Reached **** piety under Okawaru
 14619 | D:10     | Gained mutation: A demonic guardian rushes to your aid.
                  | [demonic ancestry]
 14619 | D:10     | Reached XP level 10. HP: 82/82 MP: 12/12
 14830 | D:10     | Reached skill level 9 in Fighting
 15183 | D:10     | Found a staircase to the Lair.
 16172 | D:10     | Reached ***** piety under Okawaru
 16173 | D:10     | Reached skill level 5 in Evocations
 16460 | D:11     | Noticed Nergalle
 16542 | D:11     | Received a gift from Okawaru
 16604 | Lair:1   | Entered Level 1 of the Lair of Beasts
 16604 | Lair:1   | Noticed a black mamba
 16611 | Lair:1   | Killed a black mamba
 16660 | Lair:1   | Found a frozen archway.
 16746 | IceCv    | Entered an ice cave
 17206 | IceCv    | Reached skill level 1 in Spellcasting
 17206 | IceCv    | Reached skill level 1 in Transmutations
 17206 | IceCv    | Reached skill level 1 in Earth Magic
 17489 | IceCv    | Found the +4 skin of Zhor {*Englaciate rC+++ SInv}
 18176 | IceCv    | Noticed a bog body
 18176 | IceCv    | Noticed a bog body
 18180 | IceCv    | Killed a bog body
 18181 | IceCv    | Gained mutation: Spells you cast may paralyse nearby
                  | enemies. [demonic ancestry]
 18181 | IceCv    | Reached XP level 11. HP: 90/90 MP: 14/14
 18687 | IceCv    | Reached skill level 5 in Invocations
 18705 | IceCv    | Killed a bog body
 18707 | IceCv    | Identified the +5 hand crossbow of the Everdark {vorpal,
                  | rElec}
 19685 | Lair:1   | Identified the +6 glaive "Quthrot" {vorpal, Fragile Will++
                  | rCorr Dex+4} (Okawaru gifted it to you on level 1 of the
                  | Lair of Beasts)
 19685 | Lair:1   | Received a gift from Okawaru
 20546 | Lair:1   | Identified the +9 long sword of Kuir {vorpal, rN+}
 20635 | Lair:2   | Noticed an eight-headed hydra
 20869 | Lair:2   | Killed an eight-headed hydra
 20870 | Lair:2   | Reached skill level 10 in Fighting
 20928 | Lair:2   | Noticed Fannar
 20944 | Lair:2   | Killed Fannar
 21688 | Lair:2   | Identified the -3 pair of gloves "Huzxokut" {Drain rElec
                  | rPois} (Okawaru gifted it to you on level 2 of the Lair of
                  | Beasts)
 21688 | Lair:2   | Received a gift from Okawaru
 21969 | Lair:3   | Gained mutation: You have claws for hands. [demonic
                  | ancestry]
 21969 | Lair:3   | Reached XP level 12. HP: 88/98 MP: 17/17
 22110 | Lair:3   | Found a dark tunnel.
 22143 | Volcano  | Entered a volcano
 22470 | Volcano  | Upgraded the game from 0.28-a0-834-g1a73be5ee4 to
                  | 0.28-a0-843-gb979743d38
 22640 | Volcano  | Reached skill level 11 in Fighting
 22692 | Arena    | Entered the Arena
 22930 | Lair:3   | Noticed an eight-headed hydra
 23264 | Lair:3   | Noticed a death yak
 23265 | Lair:3   | Noticed a death yak
 23265 | Lair:3   | Noticed a death yak
 23280 | Lair:3   | Noticed a death yak
 23284 | Lair:3   | Killed a death yak
 23292 | Lair:2   | Killed a death yak
 23390 | Lair:3   | Received a gift from Okawaru
 23496 | Lair:3   | Killed a death yak
 23500 | Lair:3   | Killed a death yak
 23500 | Lair:3   | Received a gift from Okawaru
 23575 | Lair:3   | Noticed Prince Ribbit
 23604 | Lair:2   | Killed Prince Ribbit
 23716 | Lair:3   | Reached skill level 10 in Invocations
 24217 | Lair:3   | Reached XP level 13. HP: 98/107 MP: 18/20
 24633 | Lair:3   | Found a staircase to the Snake Pit.
 24695 | Lair:3   | Noticed Gastronok
 25018 | Lair:3   | Killed Gastronok
 25181 | Lair:4   | Reached skill level 12 in Fighting
 26020 | Lair:4   | Reached skill level 10 in Armour
 26641 | Lair:4   | Found a staircase to the Swamp.
 26655 | Lair:4   | Reached skill level 10 in Unarmed Combat
 27095 | Lair:3   | Received a gift from Okawaru
 27493 | Lair:4   | Reached ****** piety under Okawaru
 28235 | Lair:5   | Reached skill level 1 in Crossbows
 29619 | Lair:5   | Identified the +1 leather armour of Incorporation {Harm rC-
                  | Int+6 Slay-3}
 29635 | Lair:6   | Entered Level 6 of the Lair of Beasts
 29654 | Lair:5   | Reached skill level 5 in Dodging
 29745 | Lair:6   | Received a gift from Okawaru
 29858 | Lair:6   | Reached XP level 14. HP: 97/116 MP: 22/22
 30049 | Lair:6   | Reached skill level 13 in Fighting
 31198 | Lair:6   | Found a runed translucent door.
 31198 | Lair:6   | Found a viscous altar of Jiyva.
 31198 | Lair:6   | Found a staircase to the Slime Pits.
 32163 | Lair:6   | Received a gift from Okawaru
 32164 | Lair:6   | Reached skill level 5 in Crossbows
 32841 | Lair:6   | Identified a scroll of acquirement
 33272 | Lair:6   | Acquired 1076 gold pieces
 33508 | D:3      | Bought a potion of cancellation for 112 gold pieces
 33508 | D:3      | Bought a potion of ambrosia for 112 gold pieces
 33638 | D:11     | Killed Nergalle
 33726 | D:11     | Noticed Snorg
 33741 | D:11     | Killed Snorg
 34024 | D:5      | Killed paps's ghost
 35061 | D:11     | Received a gift from Okawaru
 35314 | D:11     | Identified the +0 cloak of Gyovamm {rElec Int+2}
 35804 | D:11     | Reached skill level 14 in Fighting
 35843 | D:12     | Noticed Kirke
 36044 | D:12     | Gained mutation: Spells you cast and wands you use may
                  | paralyse nearby enemies. [demonic ancestry]
 36044 | D:12     | Reached XP level 15. HP: 126/126 MP: 23/23
 36056 | D:12     | Learned a level 3 spell: Stone Arrow
 36136 | D:12     | Found a shimmering blue altar of Sif Muna.
 36159 | D:12     | Found a large runed translucent door.
 36159 | D:12     | Found a large runed translucent door.
 36166 | D:12     | Noticed benitares's ghost (journeyman TrFi)
 36173 | D:12     | Found a staircase to the Orcish Mines.
 36183 | D:12     | Noticed Sonja
 36328 | D:12     | Killed Sonja
 36348 | D:12     | Noticed Jorgrun
 36351 | Arena    | Entered the Arena
 36366 | Arena    | Killed Jorgrun
 36367 | Arena    | Reached skill level 5 in Spellcasting
 36515 | D:12     | Killed Kirke
 37568 | D:13     | Found a gate to the Vaults.
 37587 | D:13     | Identified the +1 long sword of Havoc {freeze, *Slow rElec
                  | rPois rF++} (Okawaru gifted it to you on level 13 of the
                  | Dungeon)
 37587 | D:13     | Received a gift from Okawaru
 38312 | D:14     | Reached skill level 1 in Conjurations
 39451 | D:14     | Received a gift from Okawaru
 39820 | D:15     | Entered Level 15 of the Dungeon
 39820 | D:15     | Noticed Nessos
 39821 | D:15     | Upgraded the game from 0.28-a0-843-gb979743d38 to
                  | 0.28-a0-845-gfc338a8e3c
 39854 | D:15     | Found an ancient bone altar of Kikubaaqudgha.
 40525 | D:15     | Received a gift from Okawaru
 40761 | D:15     | Found an iron altar of Okawaru.
 40803 | D:15     | Killed Nessos
 41179 | D:15     | Received a gift from Okawaru
 41883 | Orc:1    | Entered Level 1 of the Orcish Mines
 42262 | Orc:1    | Found Keloimu's Gadget Gallery.
 42271 | Orc:1    | Found Xafody's Weapon Boutique.
 42461 | Orc:2    | Entered Level 2 of the Orcish Mines
 42648 | Arena    | Entered the Arena
 42651 | Arena    | Paralysed by an orc sorcerer for 4 turns
 43205 | Orc:2    | Received a gift from Okawaru
 43218 | Arena    | Entered the Arena
 43407 | Orc:2    | Reached XP level 16. HP: 96/134 MP: 24/24
 43680 | Orc:2    | Reached skill level 15 in Fighting
 44116 | Orc:2    | Found Jovverru's General Store.
 44116 | Orc:2    | Found Koutej's Distillery.
 44117 | Orc:2    | Found Udwik's Armour Shop.
 44117 | Orc:2    | Found Plog's Armour Emporium.
 44561 | Orc:2    | Found a staircase to the Elven Halls.
 44741 | Orc:2    | Bought a potion of haste for 120 gold pieces
 44741 | Orc:2    | Bought a potion of haste for 120 gold pieces
 44741 | Orc:2    | Bought a potion of curing for 36 gold pieces
 44741 | Orc:2    | Bought a potion of magic for 96 gold pieces
 44741 | Orc:2    | Bought a potion of magic for 96 gold pieces
 44742 | Orc:2    | Bought a scroll of immolation for 38 gold pieces
 44742 | Orc:2    | Bought a wand of iceblast (8) for 132 gold pieces
 45031 | Orc:2    | Bought a +3 leather armour of poison resistance for 231
                  | gold pieces
 45035 | Orc:2    | Acquired the ring of the Lily {Fire rPois Int-2 Stlth+}
 45201 | Snake:1  | Entered Level 1 of the Snake Pit
 45320 | Snake:1  | Received a gift from Okawaru
 45419 | Snake:1  | Reached skill level 5 in Earth Magic
 46513 | Snake:1  | Identified the ring of Wu Jian's Supremacy {rN+ rCorr EV+4
                  | Str+2}
 47771 | Snake:2  | Found Vukkes's CLEARANCE SALE!.
 47786 | Snake:2  | Bought a scroll of blinking for 60 gold pieces
 47786 | Snake:2  | Bought a ring of protection from cold for 200 gold pieces
 47786 | Snake:2  | Bought 2 scrolls of vulnerability for 120 gold pieces
 52773 | Snake:3  | Learned a level 5 spell: Lee's Rapid Deconstruction
 53529 | Snake:3  | Found a runed translucent door.
 53847 | Snake:3  | Received a gift from Okawaru
 54971 | Snake:3  | Identified the +1 pair of boots of Uturo {rF+}
 55045 | Snake:4  | Entered Level 4 of the Snake Pit
 55295 | Snake:4  | Noticed Asterion
 56064 | Snake:4  | Received a gift from Okawaru
 56435 | Snake:4  | Reached skill level 16 in Fighting
 56706 | Snake:4  | Reached XP level 17. HP: 143/144 MP: 25/25
 56922 | Snake:4  | Reached skill level 5 in Shields
 57070 | Snake:4  | Found Febrezoa's Jewellery Boutique.
 57071 | Snake:4  | Found Cielusso's Book Shop.
 57106 | Snake:4  | Bought an Inescapable Atlas for 476 gold pieces
 57318 | Snake:4  | Acquired a +7 vorpal hand crossbow
 57756 | Snake:4  | Noticed Vashnia
 59632 | Snake:4  | Received a gift from Okawaru
 60526 | Snake:4  | Killed Vashnia
 61472 | Snake:3  | Learned a level 2 spell: Blink
 61601 | Snake:4  | Received a gift from Okawaru
 62369 | Snake:4  | Noticed a quicksilver dragon
 62369 | Snake:4  | Noticed a quicksilver dragon
 62554 | Lair:4   | Upgraded the game from 0.28-a0-845-gfc338a8e3c to
                  | 0.28-a0-852-gbbce81c95b
 62555 | Swamp:1  | Entered Level 1 of the Swamp
 62659 | Swamp:1  | Reached skill level 1 in Translocations
 63236 | Swamp:1  | Received a gift from Okawaru
 64145 | Swamp:2  | Noticed a tentacled monstrosity
 64155 | Swamp:2  | Upgraded the game from 0.28-a0-852-gbbce81c95b to
                  | 0.28-a0-862-g58c29a6370
 64166 | Swamp:2  | Killed a tentacled monstrosity
 64370 | Swamp:2  | Noticed a tentacled monstrosity
 64385 | Swamp:2  | Killed a tentacled monstrosity
 66636 | Swamp:3  | Acquired a manual of Armour
 67319 | Swamp:4  | Entered Level 4 of the Swamp
 67418 | Swamp:4  | Learned a level 2 spell: Wereblood
 68195 | Swamp:4  | Received a gift from Okawaru
 69140 | Swamp:4  | Reached XP level 18. HP: 120/153 MP: 24/26
 69672 | Swamp:4  | Reached skill level 17 in Fighting
 69787 | Swamp:4  | Got a decaying rune of Zot
 70189 | Snake:4  | Killed Asterion
 71780 | Snake:4  | Got a serpentine rune of Zot
 72917 | D:15     | Found a staircase to the Depths.
 73295 | D:15     | Found an ancient bone altar of Kikubaaqudgha.
 73699 | D:7      | Bought a wand of acid (25) for 986 gold pieces
 73867 | Elf:1    | Entered Level 1 of the Elven Halls
 73949 | Orc:2    | Reached skill level 15 in Unarmed Combat
 74245 | Elf:1    | Found a radiant altar of Vehumet.
 74398 | Elf:1    | Reached skill level 10 in Shields
 74590 | Elf:1    | Found a radiant altar of Vehumet.
 74871 | Elf:1    | Identified Roxanne's Volume of Transformation
 74871 | Elf:1    | Noticed Roxanne
 75265 | Elf:1    | Found Ugujir's Self-Improvement Boutique.
 76254 | Elf:1    | Paralysed by an air elemental for 1 turns
 76257 | Elf:1    | Paralysed by an air elemental for 1 turns
 76260 | Elf:1    | Paralysed by an air elemental for 1 turns
 76267 | Elf:1    | Paralysed by an air elemental for 1 turns
 76625 | Elf:1    | Identified the +11 war axe "Lacof" {flame, rC- Dex+3 SInv}
                  | (Okawaru gifted it to you on level 1 of the Elven Halls)
 76625 | Elf:1    | Received a gift from Okawaru
 77824 | Elf:2    | Identified the +4 battleaxe "Saufap" {vorpal, Contam Str+4
                  | Int+9 Dex+4}
 80319 | Elf:2    | Found a runed translucent gate.
 80319 | Elf:2    | Found a runed translucent gate.
 80319 | Elf:2    | Found a runed translucent gate.
 80415 | Elf:3    | Entered Level 3 of the Elven Halls
 80582 | Elf:3    | Gained mutation: A powerful demonic guardian rushes to your
                  | aid. [demonic ancestry]
 80582 | Elf:3    | Reached XP level 19. HP: 162/162 MP: 29/29
 80642 | Elf:3    | Paralysed by an air elemental for 1 turns
 80859 | Elf:3    | Paralysed by an air elemental for 1 turns
 80864 | Elf:3    | Paralysed by an air elemental for 1 turns
 80872 | Elf:3    | Paralysed by an air elemental for 1 turns
 81671 | Arena    | Entered the Arena
 82201 | Elf:3    | Identified the +8 trident "Ahonacw" {flame, rF+ Dex+4}
 84011 | Elf:3    | Reached skill level 18 in Fighting
 84324 | Elf:3    | Identified the +4 dagger "Elait" {protect, rElec Str+4
                  | Int+4}
 85122 | Elf:3    | Received a gift from Okawaru
 85122 | Elf:3    | Identified the ring "Byus Xot" {*Corrode rElec rN+ Str+6
                  | Int+2}
 85289 | Elf:3    | Noticed a Brimstone Fiend
 85921 | Arena    | Entered the Arena
 86458 | Elf:3    | Received a gift from Okawaru
 86999 | Elf:3    | Reached skill level 5 in Transmutations
 87104 | Elf:3    | Identified the +0 plate armour of the Lily {+Inv rCorr
                  | Dex+3 Slay+3}
 87210 | Elf:3    | Identified the ring "Wogo" {Fly rN+}
 88652 | Elf:3    | Learned a level 1 spell: Apportation
 88699 | Elf:3    | Identified the +1 arbalest "Beotel" {elec, Int+4 Dex+3
                  | Stlth-}
 88706 | Elf:3    | Got the Handbook of Curses and Conjuration
 88835 | Elf:3    | Acquired the ring "Nelirch" {Wiz rC+ Dex+2}
 89277 | Vaults:1 | Entered Level 1 of the Vaults
 90015 | Vaults:1 | Received a gift from Okawaru
 90016 | Vaults:1 | Reached skill level 15 in Armour
 90681 | Vaults:1 | Reached XP level 20. HP: 127/172 MP: 30/30
 91223 | Vaults:1 | Received a gift from Okawaru
 93073 | Vaults:2 | Found Byrar's General Store.
 93165 | Vaults:2 | Noticed Sojobo
 94131 | Vaults:2 | Received a gift from Okawaru
 94405 | Vaults:2 | Killed Sojobo
 96604 | Vaults:2 | Found Foet's Book Emporium.
 96653 | Vaults:2 | Reached skill level 19 in Fighting
 97067 | Vaults:2 | Received a gift from Okawaru
 97512 | Vaults:2 | Bought a potion of lignification for 57 gold pieces
 99506 | Vaults:3 | Received a gift from Okawaru
 99824 | Vaults:3 | Gained mutation: Your hexes are more powerful. [demonic
                  | ancestry]
 99824 | Vaults:3 | Reached XP level 21. HP: 121/180 MP: 33/33
101775 | Vaults:3 | Found a staircase to the Crypt.
101853 | Vaults:3 | Learned a level 6 spell: Iron Shot
102574 | Vaults:4 | Reached skill level 10 in Dodging
102994 | Vaults:4 | Reached skill level 10 in Earth Magic
103209 | Vaults:4 | Received a gift from Okawaru
104453 | Vaults:4 | Received a gift from Okawaru
105253 | Elf:1    | Bought a manual of Spellcasting for 1520 gold pieces
105469 | Depths:1 | Entered Level 1 of the Depths
106186 | D:15     | Received a gift from Okawaru
106452 | Depths:1 | Found a gateway to a ziggurat.
106467 | Depths:1 | Found Xurezufu's Assorted Antiques.
106475 | Depths:1 | Reached skill level 20 in Fighting
106577 | Depths:1 | Received a gift from Okawaru
106675 | Depths:1 | Bought a jewelled chain mail for 323 gold pieces
106675 | Depths:1 | Identified the +9 chain mail of the Stallion {Rampage} (You
                  | bought it in a shop on level 1 of the Depths)
106682 | Depths:1 | Found the +4 robe of Augmentation {Str+4 Int+4 Dex+4}
107182 | Depths:1 | Found a gateway to Hell.
107320 | Depths:1 | Found Rileut's Antique Weapon Emporium.
107557 | Depths:1 | Found a one-way gate to the infinite horrors of the Abyss.
107899 | Depths:1 | Found a one-way gate leading to the halls of Pandemonium.
108357 | Depths:1 | Identified the +4 whip "Musuhe" {speed, Fly}
108467 | Depths:2 | Found a magical portal.
108476 | WizLab   | Entered Cigotuvi's Fleshworks
108803 | WizLab   | Gained mutation: You are completely covered in yellow
                  | scales. (AC +4, rCorr) [demonic ancestry]
108803 | WizLab   | Reached XP level 22. HP: 190/190 MP: 32/34
108991 | WizLab   | Gained mutation: You do not regenerate when monsters are
                  | visible. [mutagenic glow]
108994 | WizLab   | Lost mutation: You do not regenerate when monsters are
                  | visible. [potion of mutation]
108994 | WizLab   | Gained mutation: You have hidden genetic potential. [potion
                  | of mutation]
108994 | WizLab   | Gained mutation: You have sharp toenails. [potion of
                  | mutation]
108994 | WizLab   | Gained mutation: You have supernaturally acute eyesight.
                  | (SInv) [potion of mutation]
108994 | WizLab   | Gained mutation: You have an increased reservoir of magic.
                  | (+10% MP) [potion of mutation]
109390 | WizLab   | Got Cigotuvi's Catalogue of Unholy Moulding
109399 | WizLab   | Learned a level 5 spell: Irradiate
109401 | WizLab   | Got the Reference Book on Moulding
109701 | WizLab   | Paralysed by a floating eye for 4 turns
109746 | WizLab   | Identified the ring "Wigen" {rPois Will- EV+4 Dex+5}
111630 | Depths:2 | Identified the +3 hand crossbow of Powerful Expedience
                  | {flame, Str+3} (Okawaru gifted it to you on level 2 of the
                  | Depths)
111630 | Depths:2 | Received a gift from Okawaru
112108 | Depths:2 | Reached skill level 10 in Spellcasting
112118 | Depths:2 | Reached skill level 5 in Conjurations
112341 | Depths:2 | Found an ornate altar of the Wu Jian Council.
112574 | Depths:2 | Identified the ring "Zusoan" {Ice +Blink rElec rPois}
112926 | Depths:2 | Identified the +10 glaive of Fear {protect, rElec MP+9
                  | Str-2 SInv}
114468 | Depths:3 | Received a gift from Okawaru
114620 | Depths:3 | Noticed a golden dragon
114635 | Depths:3 | Killed a golden dragon
114890 | Depths:3 | Found Kalumeg's Book Emporium.
114965 | Depths:3 | Found a portal to a secret trove of treasure.
115735 | Depths:4 | Entered Level 4 of the Depths
116435 | Depths:4 | Noticed Boris
116612 | Depths:4 | Killed Boris
116612 | Depths:4 | Received a gift from Okawaru
116762 | Depths:4 | Reached skill level 5 in Stealth
116962 | Depths:4 | Reached XP level 23. HP: 199/199 MP: 40/40
117534 | Depths:4 | Gained mutation: Your system is resistant to poisons.
                  | (rPois) [hidden potential]
117536 | Depths:4 | Reached skill level 21 in Fighting
117808 | Depths:4 | Found a stormy altar of Qazlal.
118698 | Depths:4 | Found a gate to the Realm of Zot.
119043 | Depths:3 | Voluntarily entered the Abyss.
119044 | Abyss:1  | Found a corrupted altar of Lugonu.
119498 | Abyss:3  | Lost mutation: You have hidden genetic potential. [a
                  | cacodemon]
119717 | Abyss:3  | Got an abyssal rune of Zot
119858 | Abyss:3  | Found a sacrificial altar of Ru.
119896 | Depths:3 | Escaped the Abyss
120179 | Depths:3 | Upgraded the game from 0.28-a0-862-g58c29a6370 to
                  | 0.28-a0-863-g8cecda6153
120824 | Vaults:5 | Entered Level 5 of the Vaults
120832 | Vaults:5 | Received a gift from Okawaru
120840 | Arena    | Entered the Arena
120897 | Vaults:4 | Received a gift from Okawaru
121642 | Arena    | Entered the Arena
121649 | Arena    | Received a gift from Okawaru
121980 | Arena    | Entered the Arena
122097 | Vaults:5 | Noticed an ancient lich
122185 | Vaults:4 | Killed an ancient lich
122185 | Vaults:4 | Received a gift from Okawaru
122522 | Vaults:5 | Noticed a dread lich
122541 | Vaults:4 | Killed a dread lich
122629 | Vaults:5 | Identified the +2 pair of boots of the Grue {rCorr}
                  | (Okawaru gifted it to you on level 5 of the Vaults)
122629 | Vaults:5 | Received a gift from Okawaru
124248 | Vaults:5 | Reached XP level 24. HP: 173/195 MP: 42/42
126204 | Vaults:5 | Got the Almanac of the Blistering Snowflakes
126383 | Vaults:5 | Gained mutation: You passively map a small area around you.
                  | [a shining eye]
127358 | Vaults:5 | Got a silver rune of Zot
127559 | Vaults:5 | Got the Disquisition on Feathery Toxins
127660 | Vaults:5 | Learned a level 5 spell: Lightning Bolt
127665 | Vaults:5 | Learned a level 4 spell: Dispel Undead
128081 | Elf:1    | Bought a manual of Air Magic for 1520 gold pieces
128370 | Slime:1  | Entered Level 1 of the Pits of Slime
129076 | Slime:4  | Received a gift from Okawaru
129298 | Slime:5  | Entered Level 5 of the Pits of Slime
129567 | Slime:5  | Noticed the Royal Jelly
129710 | Slime:5  | Found a viscous altar of Jiyva.
130094 | Slime:4  | Reached skill level 10 in Transmutations
130235 | Arena    | Entered the Arena
130238 | Arena    | !!! DONT DUEL TRJ. it wont help against jelly spawn !!!
130250 | Arena    | Killed the Royal Jelly
131068 | Slime:5  | Reached skill level 1 in Air Magic
131266 | Slime:5  | Identified the +1 fire dragon scales of Fovekud {Harm rF++
                  | rC- rN+ Int+4 Dex-5}
131269 | Slime:5  | Got a slimy rune of Zot
131288 | Slime:5  | Found the +2 hood of the Assassin {Detection Stab+ Stlth++}
131421 | Slime:5  | Identified the +8 scythe of Xiasyguc {drain, rElec rCorr
                  | MP+9 SInv}
131442 | Slime:5  | Identified the ring of Pafaprow {rF+ EV+4 Str+3}
131465 | Slime:5  | Identified the +6 scale mail "Tes Monk" {Str+4 Dex-3
                  | Stlth+}
131471 | Slime:5  | Identified the ring of Mochabotz {Wiz rElec rF- Int+3
                  | Stlth+}
132212 | D:6      | Killed envnewn's ghost
132577 | Zot:1    | Entered Level 1 of the Realm of Zot
132591 | Depths:4 | Reached skill level 22 in Fighting
133976 | Depths:3 | You paid a toll of +4 storm dragon scales to enter a
                  | treasure trove
133977 | Trove    | Entered a treasure trove
133984 | Trove    | Identified the +7 hand crossbow of Sin {freeze, rC+ Str+4
                  | Dex-3}
133986 | Trove    | Identified the ring of the Moon {+Blink rPois rC+ Will+
                  | Str-3}
133988 | Trove    | Identified the ring "Zuyl" {Drain +Blink EV+4 Int+7 Dex+3}
133991 | Trove    | Identified the ring of Myuguc {rF+ rC+ rCorr}
133995 | Trove    | Identified the ring "Buyleo" {rC- Str+2 Dex+3 Slay+4
                  | Stlth+}
135303 | Zot:1    | Received a gift from Okawaru
136221 | Zot:1    | Found a runed translucent gate.
136221 | Zot:1    | Found a runed translucent gate.
136221 | Zot:1    | Found a runed translucent gate.
136225 | Zot:1    | Noticed temitten's ghost (veteran MiFi)
137113 | Zot:2    | Reached skill level 5 in Air Magic
137815 | Zot:2    | Identified the +7 chain mail of the Spider Nest {rPois rN+
                  | Int-2} (Okawaru gifted it to you on level 2 of the Realm of
                  | Zot)
137815 | Zot:2    | Received a gift from Okawaru
137816 | Zot:2    | Gained mutation: Your melee attacks may debilitate your
                  | foes. [demonic ancestry]
137816 | Zot:2    | Reached XP level 25. HP: 217/217 MP: 33/43
138946 | Zot:2    | Noticed a Killer Klown
139192 | Zot:2    | Killed a Killer Klown
140592 | Zot:3    | Reached skill level 10 in Conjurations
141087 | Zot:3    | Noticed a Killer Klown
141106 | Zot:3    | Killed a Killer Klown
141258 | Zot:3    | Reached skill level 1 in Necromancy
141876 | Zot:3    | Reached skill level 15 in Shields
141937 | Zot:3    | Received a gift from Okawaru
142217 | Zot:3    | Learned a level 7 spell: Storm Form
143422 | Zot:4    | Received a gift from Okawaru
143429 | Zot:4    | Reached skill level 5 in Necromancy
143498 | Arena    | Entered the Arena
143836 | Zot:4    | Received a gift from Okawaru
145096 | Zot:4    | Identified the +1 ring mail "Ytodgh" {Fly Int-4 SInv
                  | Stlth-}
145315 | Zot:5    | Entered Level 5 of the Realm of Zot
145864 | Zot:5    | Noticed a dread lich
145864 | Zot:5    | Noticed a Killer Klown
145864 | Zot:5    | Noticed an orb of fire
146191 | Zot:5    | Reached skill level 10 in Stealth
146191 | Zot:5    | Gained mutation: You are surrounded by an aura of silence.
                  | [demonic ancestry]
146191 | Zot:5    | Reached XP level 26. HP: 224/224 MP: 42/45
146206 | Zot:5    | Noticed a dread lich
146210 | Zot:5    | Killed a dread lich
146410 | Zot:5    | Received a gift from Okawaru
146659 | Zot:5    | Gained mutation: You are dopey. (Int -2) [an orb of fire]
146664 | Zot:5    | Killed an orb of fire
148850 | Zot:5    | Noticed an ancient lich
148852 | Arena    | Entered the Arena
148865 | Arena    | Killed an ancient lich
148865 | Arena    | Received a gift from Okawaru
149542 | Zot:5    | Killed a dread lich
149695 | Zot:5    | Identified the +2 pair of boots of the Orange Skies {Harm
                  | rN+ Dex+4 Slay-3} (Okawaru gifted it to you on level 5 of
                  | the Realm of Zot)
149695 | Zot:5    | Received a gift from Okawaru
149817 | Zot:5    | Noticed an orb of fire
149832 | Zot:5    | Noticed an ancient lich
149833 | Arena    | Entered the Arena
149890 | Zot:5    | Killed an ancient lich
150028 | Zot:5    | Noticed an orb of fire
150040 | Zot:5    | Killed an orb of fire
150209 | Zot:5    | Noticed a dread lich
150228 | Zot:5    | Killed a dread lich
150343 | Zot:5    | Killed an orb of fire
150408 | Zot:5    | Noticed a dread lich
150425 | Zot:5    | Killed a dread lich
150953 | Hell     | Entered the Vestibule of Hell
150955 | Hell     | Noticed Geryon
150956 | Arena    | Entered the Arena
150963 | Arena    | Killed Geryon
151210 | Hell     | Noticed Murray
151227 | Depths:4 | Reached skill level 15 in Spellcasting
151497 | Depths:4 | Killed Murray
152475 | Hell     | Found a gateway to the Iron City of Dis.
152896 | Hell     | Found a gateway to the ashen valley of Gehenna.
152999 | Hell     | Found a gateway to the decaying netherworld of Tartarus.
153029 | Hell     | Found a gateway to the freezing wastes of Cocytus.
153476 | Snake:4  | Bought a Necronomicon for 784 gold pieces
153796 | Elf:1    | Bought a manual of Dodging for 1520 gold pieces
154089 | Crypt:1  | Entered Level 1 of the Crypt
154109 | Crypt:1  | Received a gift from Okawaru
154744 | Crypt:1  | Reached XP level 27. HP: 231/231 MP: 46/46
155369 | Crypt:2  | Received a gift from Okawaru
155617 | Crypt:2  | Noticed Donald
155624 | Crypt:2  | Killed Donald
155830 | Crypt:2  | Reached skill level 10 in Air Magic
155995 | Vaults:3 | Learned a level 2 spell: Sublimation of Blood
156004 | Vaults:3 | Learned a level 8 spell: Necromutation
156819 | Crypt:3  | Entered Level 3 of the Crypt
156922 | Crypt:3  | Identified the +6 scimitar "Myzuypp" {antimagic, rC+ rN+}
157264 | Crypt:3  | Reached skill level 5 in Throwing
157305 | Crypt:3  | Received a gift from Okawaru
157619 | Crypt:3  | Received a gift from Okawaru
158435 | Crypt:3  | Identified the +2 short sword "Peyt" {protect, Str+4}
158665 | Crypt:3  | Found a staircase to the Tomb.
158971 | Crypt:3  | Found an ancient bone altar of Kikubaaqudgha.
159273 | Crypt:3  | Identified the ring of Totiusm {MP+9 Dex+6}
159288 | Crypt:3  | Noticed a dread lich
159300 | Crypt:3  | Killed a dread lich
159300 | Crypt:3  | Received a gift from Okawaru
160656 | Pan      | Entered Pandemonium
160754 | Pan      | Gained mutation: You are frail. (-10% HP) [mutagenic glow]
160769 | Pan      | Gained mutation: You sometimes lose the ability to read
                  | scrolls when taking damage. [mutagenic glow]
160781 | Pan      | Gained mutation: You are weak. (Str -2) [mutagenic glow]
160782 | Pan      | Lost mutation: You sometimes lose the ability to read
                  | scrolls when taking damage. [potion of mutation]
160782 | Pan      | Lost mutation: You are dopey. (Int -2) [potion of mutation]
160782 | Pan      | Gained mutation: Your natural rate of healing is unusually
                  | fast. [potion of mutation]
160782 | Pan      | Gained mutation: Your skin changes colour to match your
                  | surroundings (Stealth+). [potion of mutation]
160783 | Pan      | Lost mutation: You have sharp toenails. [potion of
                  | mutation]
160783 | Pan      | Lost mutation: You have an increased reservoir of magic.
                  | (+10% MP) [potion of mutation]
160783 | Pan      | Lost mutation: You are frail. (-10% HP) [potion of
                  | mutation]
160783 | Pan      | Lost mutation: You are weak. (Str -2) [potion of mutation]
160783 | Pan      | Gained mutation: You expend magic power (3 MP) to
                  | strengthen your wands. [potion of mutation]
160783 | Pan      | Gained mutation: You have sharp toenails. [potion of
                  | mutation]
160961 | Pan      | Entered the realm of Cerebov.
161205 | Pan      | Identified the +6 morningstar "Livvicay" {vorpal, rPois
                  | rF+++ rC- Dex-5}
161357 | Arena    | Entered the Arena
161985 | Pan      | Identified the +1 battleaxe of Ascent {freeze, rF++}
162203 | Pan      | Received a gift from Okawaru
162336 | Pan      | Reached skill level 15 in Dodging
162393 | Pan      | Identified the +1 leather armour of Negligence {+Inv rCorr
                  | Stlth-}
163093 | Pan      | Reached skill level 10 in Throwing
163200 | Pan      | Received a gift from Okawaru
163259 | Pan      | Found the +6 sword of Cerebov {flame}
163259 | Pan      | Noticed Cerebov
163268 | Arena    | Entered the Arena
163286 | Arena    | Killed Cerebov
163343 | Pan      | Identified the amulet "Nocsupn" {Spirit *Slow rPois Stlth+}
163511 | Pan      | Got a fiery rune of Zot
164135 | Pan      | Gained mutation: Your flesh is heat resistant. (rF+) [a
                  | neqoxec]
164137 | Pan      | Received a gift from Okawaru
164498 | Pan      | Entered the realm of Mnoleg.
164498 | Pan      | Noticed Mnoleg
164501 | Arena    | Entered the Arena
164511 | Arena    | Killed Mnoleg
164533 | Pan      | Got a glowing rune of Zot
164533 | Pan      | Gained mutation: Your body sometimes deteriorates upon
                  | taking damage. [a neqoxec]
164538 | Pan      | Gained mutation: Your body often deteriorates upon taking
                  | damage. [a cacodemon]
164563 | Pan      | Gained mutation: You are dopey. (Int -2) [a cacodemon]
164567 | Pan      | Received a gift from Okawaru
164618 | Pan      | Entered the realm of Gloorx Vloq.
164620 | Pan      | Lost mutation: Your body often deteriorates upon taking
                  | damage. [potion of mutation]
164620 | Pan      | Lost mutation: You have sharp toenails. [potion of
                  | mutation]
164620 | Pan      | Gained mutation: You have hidden genetic potential. [potion
                  | of mutation]
164620 | Pan      | Lost mutation: You expend magic power (3 MP) to strengthen
                  | your wands. [potion of mutation]
164620 | Pan      | Lost mutation: Your skin changes colour to match your
                  | surroundings (Stealth+). [potion of mutation]
164620 | Pan      | Gained mutation: You expend magic power (3 MP) to
                  | strengthen your wands. [potion of mutation]
164621 | Pan      | Lost mutation: Your body sometimes deteriorates upon taking
                  | damage. [potion of mutation]
164621 | Pan      | Lost mutation: Your system is resistant to poisons. (rPois)
                  | [potion of mutation]
164621 | Pan      | Lost mutation: You have supernaturally acute eyesight.
                  | (SInv) [potion of mutation]
164621 | Pan      | Gained mutation: You occasionally shout uncontrollably at
                  | your foes. [potion of mutation]
164622 | Pan      | Lost mutation: You have hidden genetic potential. [potion
                  | of mutation]
164622 | Pan      | Lost mutation: You occasionally shout uncontrollably at
                  | your foes. [potion of mutation]
164622 | Pan      | Lost mutation: You passively map a small area around you.
                  | [potion of mutation]
164622 | Pan      | Gained mutation: You have large cloven feet. [potion of
                  | mutation]
164622 | Pan      | Gained mutation: Your flesh is cold resistant. (rC+)
                  | [potion of mutation]
164625 | Pan      | Lost mutation: Your natural rate of healing is unusually
                  | fast. [potion of mutation]
164625 | Pan      | Lost mutation: Your flesh is heat resistant. (rF+) [potion
                  | of mutation]
164625 | Pan      | Lost mutation: Your flesh is cold resistant. (rC+) [potion
                  | of mutation]
164625 | Pan      | Gained mutation: You are agile. (Dex +2) [potion of
                  | mutation]
164626 | Pan      | Lost mutation: You expend magic power (3 MP) to strengthen
                  | your wands. [potion of mutation]
164626 | Pan      | Lost mutation: You are dopey. (Int -2) [potion of mutation]
164626 | Pan      | Gained mutation: You have a pair of small horns on your
                  | head. [potion of mutation]
164626 | Pan      | Gained mutation: Your flesh is cold resistant. (rC+)
                  | [potion of mutation]
164694 | Pan      | Identified the +0 robe of Entitlement {*Corrode rN+ Int+4
                  | Dex+7}
165280 | Pan      | Reached skill level 10 in Necromancy
165308 | Pan      | Received a gift from Okawaru
165629 | Pan      | Noticed Gloorx Vloq
165636 | Arena    | Entered the Arena
165647 | Arena    | Killed Gloorx Vloq
165711 | Pan      | Got a dark rune of Zot
165896 | Pan      | Received a gift from Okawaru
165923 | Pan      | Entered the realm of Lom Lobon.
166351 | Pan      | Found an exit through the horrors of the Abyss.
166358 | Pan      | Acquired a book of Annihilations
166456 | Pan      | Received a gift from Okawaru
166742 | Pan      | Noticed Lom Lobon
166767 | Pan      | Killed Lom Lobon
166768 | Pan      | Reached skill level 10 in Evocations
166856 | Pan      | Got a magical rune of Zot
167012 | Pan      | Received a gift from Okawaru
167584 | Pan      | Identified the ring of Guaxai {Fly rCorr Str+2}
167752 | Pan      | Noticed a seraph
167796 | Arena    | Entered the Arena
167797 | Arena    | Identified the +8 tower shield of Bifiny {Rampage}
167803 | Arena    | Killed a seraph
167803 | Arena    | Identified the +1 plate armour of Theory {Slay+3} (Okawaru
                  | gifted it to you in the Arena)
167803 | Arena    | Received a gift from Okawaru
167877 | Pan      | Got a demonic rune of Zot
167896 | Pan      | Identified the +6 flail of Mepam {flame, rPois rF+ Will+
                  | Dex+2}
168464 | Pan      | Identified the +8 tower shield of Kiosso {rF+ rC+ Will+
                  | Str-2}
169425 | Pan      | Identified the +1 tower shield of Ubly {rPois rN+ Int-2}
169911 | Depths:1 | Escaped Pandemonium
169974 | Geh:1    | Entered Level 1 of Gehenna
170993 | Geh:4    | Received a gift from Okawaru
171000 | Arena    | Entered the Arena
171538 | Arena    | Entered the Arena
171540 | Arena    | Received a gift from Okawaru
171899 | Hell     | Gained mutation: You expend magic power (3 MP) to
                  | strengthen your wands. [mutagenic glow]
171907 | Hell     | Gained mutation: You tend to lose your temper in combat.
                  | [mutagenic glow]
171936 | Hell     | Lost mutation: You have large cloven feet. [potion of
                  | mutation]
171936 | Hell     | Lost mutation: You expend magic power (3 MP) to strengthen
                  | your wands. [potion of mutation]
171936 | Hell     | Gained mutation: Your body sometimes deteriorates upon
                  | taking damage. [potion of mutation]
171936 | Hell     | Gained mutation: You are robust. (+10% HP) [potion of
                  | mutation]
171937 | Hell     | Lost mutation: You are agile. (Dex +2) [potion of mutation]
171937 | Hell     | Lost mutation: You tend to lose your temper in combat.
                  | [potion of mutation]
171937 | Hell     | Gained mutation: You have a pair of horns on your head.
                  | [potion of mutation]
173436 | Depths:1 | Voluntarily entered the Abyss.
173465 | Abyss:1  | Found an opulent altar of Gozag.
173518 | Abyss:1  | Found an opulent altar of Gozag.
173554 | Depths:1 | Escaped the Abyss
173606 | Depths:1 | Voluntarily entered the Abyss.
173643 | Abyss:1  | Identified the +0 pair of gloves of the Constellations
                  | {rElec rPois}
173686 | Abyss:1  | Received a gift from Okawaru
173925 | Depths:1 | Escaped the Abyss
173929 | Depths:1 | Voluntarily entered the Abyss.
174045 | Depths:1 | Escaped the Abyss
174047 | Depths:1 | Voluntarily entered the Abyss.
174072 | Depths:1 | Escaped the Abyss
174074 | Depths:1 | Voluntarily entered the Abyss.
174171 | Abyss:1  | Received a gift from Okawaru
174310 | Depths:1 | Escaped the Abyss
175191 | Geh:7    | Entered Level 7 of Gehenna
175836 | Geh:7    | Received a gift from Okawaru
176035 | Arena    | Entered the Arena
176275 | Geh:7    | Reached skill level 15 in Necromancy
176722 | Geh:7    | Found the +7 sceptre of Asmodeus
176722 | Geh:7    | Noticed Asmodeus
176729 | Arena    | Entered the Arena
176744 | Arena    | Killed Asmodeus
176744 | Arena    | Received a gift from Okawaru
176812 | Geh:7    | Got an obsidian rune of Zot
177109 | Depths:1 | Voluntarily entered the Abyss.
177254 | Abyss:1  | Found a basalt altar of Yredelemnul.
177266 | Abyss:1  | Paralysed by accursed screaming for 1 turns
177536 | Abyss:1  | Found a corrupted altar of Lugonu.
177759 | Abyss:1  | Found a corrupted altar of Lugonu.
177863 | Abyss:1  | Received a gift from Okawaru
177939 | Depths:1 | Escaped the Abyss
178703 | Elf:1    | Bought a manual of Dodging for 1520 gold pieces
179163 | Coc:1    | Entered Level 1 of Cocytus
179171 | Coc:1    | Paralysed by a wendigo for 1 turns
179713 | D:6      | Learned a level 7 spell: Orb of Destruction
180066 | Coc:2    | Paralysed by a wendigo for 1 turns
180705 | Coc:3    | Received a gift from Okawaru
181023 | Arena    | Entered the Arena
181480 | Coc:5    | Noticed a dread lich
181751 | Coc:5    | Killed a dread lich
181833 | Coc:5    | Paralysed by a wendigo for 1 turns
182048 | Depths:1 | Voluntarily entered the Abyss.
182065 | Abyss:1  | Found a corrupted altar of Lugonu.
182163 | Abyss:1  | Found a corrupted altar of Lugonu.
182366 | Depths:1 | Escaped the Abyss
182412 | Depths:1 | Voluntarily entered the Abyss.
182515 | Abyss:1  | Noticed an ancient lich
182520 | Abyss:1  | Killed an ancient lich
182920 | Abyss:1  | Noticed a dread lich
182924 | Abyss:1  | Killed a dread lich
183216 | Depths:1 | Escaped the Abyss
183892 | Coc:7    | Entered Level 7 of Cocytus
184050 | Arena    | Entered the Arena
184122 | Coc:7    | Received a gift from Okawaru
184184 | Coc:7    | Received a gift from Okawaru
184208 | Coc:7    | Paralysed by a wendigo for 1 turns
184545 | Arena    | Entered the Arena
184582 | Coc:7    | Received a gift from Okawaru
184776 | Depths:1 | Voluntarily entered the Abyss.
184776 | Abyss:1  | Found a corrupted altar of Lugonu.
185161 | Depths:1 | Escaped the Abyss
185163 | Depths:1 | Voluntarily entered the Abyss.
185330 | Abyss:1  | Noticed a dread lich
185345 | Abyss:1  | Killed a dread lich
185346 | Abyss:1  | Reached skill level 15 in Conjurations
185524 | Abyss:1  | Identified the +2 robe of Jivecampu {Contam rC- rN+++ SInv}
185639 | Abyss:1  | Received a gift from Okawaru
185678 | Depths:1 | Escaped the Abyss
185955 | Coc:7    | Paralysed by a wendigo for 1 turns
185985 | Coc:7    | Paralysed by a wendigo for 1 turns
186534 | Coc:7    | Paralysed by a wendigo for 1 turns
186567 | Coc:7    | Received a gift from Okawaru
186610 | Coc:7    | Paralysed by a wendigo for 1 turns
186710 | Coc:7    | Identified the ring "Suecawn" {Fire rElec rPois Stlth+}
186710 | Coc:7    | Noticed Antaeus
186714 | Arena    | Entered the Arena
186739 | Arena    | Killed Antaeus
186739 | Arena    | Received a gift from Okawaru
186797 | Coc:7    | Got an icy rune of Zot
186834 | Coc:7    | Identified the +1 robe "Cinolij" {Int+2}
187228 | Depths:1 | Voluntarily entered the Abyss.
187236 | Abyss:1  | Found a corrupted altar of Lugonu.
187329 | Abyss:1  | Identified the +4 trident "Goblinbane" {antimagic, rN+
                  | Int+2}
187428 | Abyss:1  | Reached skill level 15 in Air Magic
187470 | Abyss:1  | Found a sparkling altar of Nemelex Xobeh.
187632 | Depths:1 | Escaped the Abyss
187634 | Depths:1 | Voluntarily entered the Abyss.
187634 | Abyss:1  | Found a corrupted altar of Lugonu.
187641 | Abyss:1  | Received a gift from Okawaru
187747 | Depths:1 | Escaped the Abyss
187749 | Depths:1 | Voluntarily entered the Abyss.
187749 | Abyss:1  | Found a corrupted altar of Lugonu.
187757 | Abyss:1  | Found a shimmering altar of Xom.
188023 | Abyss:1  | Found a shimmering altar of Xom.
188087 | Depths:1 | Escaped the Abyss
188328 | D:7      | Bought a wand of acid (25) for 986 gold pieces
188570 | Tar:1    | Entered Level 1 of Tartarus
188989 | Tar:4    | Noticed an ancient lich
188989 | Tar:4    | Noticed an ancient lich
188989 | Tar:4    | Noticed a dread lich
188989 | Tar:4    | Noticed a dread lich
188989 | Tar:4    | Noticed an ancient lich
189288 | Hell     | Killed a dread lich
189288 | Hell     | Received a gift from Okawaru
189294 | Hell     | Killed a dread lich
189494 | Hell     | Killed an ancient lich
189500 | Hell     | Killed an ancient lich
189660 | Tar:4    | Killed an ancient lich
190054 | Arena    | Entered the Arena
190275 | Tar:7    | Entered Level 7 of Tartarus
190623 | Tar:7    | Received a gift from Okawaru
190730 | Tar:7    | Received a gift from Okawaru
191044 | Arena    | Entered the Arena
191457 | Tar:7    | Reached skill level 23 in Fighting
191473 | Tar:7    | Received a gift from Okawaru
191581 | Tar:7    | Got the Disquisition on Ashen Cold
191833 | Depths:1 | Voluntarily entered the Abyss.
191833 | Abyss:1  | Found a corrupted altar of Lugonu.
191969 | Abyss:1  | Noticed a dread lich
191983 | Abyss:1  | Killed a dread lich
192322 | Abyss:1  | Noticed a dread lich
192328 | Abyss:1  | Killed a dread lich
192457 | Abyss:1  | Reached skill level 15 in Transmutations
192707 | Abyss:1  | Gained mutation: You do not regenerate when monsters are
                  | visible. [a neqoxec]
192712 | Abyss:1  | Lost mutation: Your body sometimes deteriorates upon taking
                  | damage. [potion of mutation]
192712 | Abyss:1  | Lost mutation: You have a pair of horns on your head.
                  | [potion of mutation]
192712 | Abyss:1  | Lost mutation: Your flesh is cold resistant. (rC+) [potion
                  | of mutation]
192712 | Abyss:1  | Gained mutation: You tend to lose your temper in combat.
                  | [potion of mutation]
192712 | Abyss:1  | Gained mutation: You have large cloven feet. [potion of
                  | mutation]
192713 | Abyss:1  | Lost mutation: You have large cloven feet. [potion of
                  | mutation]
192713 | Abyss:1  | Lost mutation: You have a pair of small horns on your head.
                  | [potion of mutation]
192713 | Abyss:1  | Lost mutation: You are robust. (+10% HP) [potion of
                  | mutation]
192713 | Abyss:1  | Gained mutation: You are dopey. (Int -2) [potion of
                  | mutation]
192713 | Abyss:1  | Lost mutation: You are dopey. (Int -2) [potion of mutation]
192714 | Abyss:1  | Lost mutation: You tend to lose your temper in combat.
                  | [potion of mutation]
192714 | Abyss:1  | Lost mutation: You do not regenerate when monsters are
                  | visible. [potion of mutation]
192714 | Abyss:1  | Gained mutation: Your muscles are strong. (Str +2) [potion
                  | of mutation]
192732 | Abyss:1  | Lost mutation: Your muscles are strong. (Str +2) [potion of
                  | mutation]
192732 | Abyss:1  | Gained mutation: Your magical capacity is low. (-10% MP)
                  | [potion of mutation]
192732 | Abyss:1  | Gained mutation: Potions are less effective at restoring
                  | your health. [potion of mutation]
192732 | Abyss:1  | Gained mutation: You expend magic power (3 MP) to
                  | strengthen your wands. [potion of mutation]
192733 | Abyss:1  | Lost mutation: Your magical capacity is low. (-10% MP)
                  | [potion of mutation]
192733 | Abyss:1  | Lost mutation: You expend magic power (3 MP) to strengthen
                  | your wands. [potion of mutation]
192733 | Abyss:1  | Gained mutation: You expend magic power (3 MP) to
                  | strengthen your wands. [potion of mutation]
192733 | Abyss:1  | Lost mutation: Potions are less effective at restoring your
                  | health. [potion of mutation]
192734 | Abyss:1  | Lost mutation: You expend magic power (3 MP) to strengthen
                  | your wands. [potion of mutation]
192734 | Abyss:1  | Gained mutation: You are frail. (-10% HP) [potion of
                  | mutation]
192734 | Abyss:1  | Gained mutation: You tend to lose your temper in combat.
                  | [potion of mutation]
192734 | Abyss:1  | Gained mutation: You have large cloven feet. [potion of
                  | mutation]
192734 | Abyss:1  | Gained mutation: You have hoof-like feet. [potion of
                  | mutation]
192735 | Abyss:1  | Lost mutation: You are frail. (-10% HP) [potion of
                  | mutation]
192735 | Abyss:1  | Lost mutation: You tend to lose your temper in combat.
                  | [potion of mutation]
192735 | Abyss:1  | Lost mutation: You have hoof-like feet. [potion of
                  | mutation]
192735 | Abyss:1  | Gained mutation: Your flesh is cold resistant. (rC+)
                  | [potion of mutation]
192735 | Abyss:1  | Gained mutation: You are weak. (Str -2) [potion of
                  | mutation]
192735 | Abyss:1  | Gained mutation: You occasionally shout uncontrollably at
                  | your foes. [potion of mutation]
192736 | Abyss:1  | Lost mutation: You occasionally shout uncontrollably at
                  | your foes. [potion of mutation]
192736 | Abyss:1  | Lost mutation: You are weak. (Str -2) [potion of mutation]
192736 | Abyss:1  | Gained mutation: Your system is resistant to poisons.
                  | (rPois) [potion of mutation]
192736 | Abyss:1  | Gained mutation: You have hidden genetic potential. [potion
                  | of mutation]
192777 | Depths:1 | Escaped the Abyss
192857 | Depths:1 | Voluntarily entered the Abyss.
192857 | Abyss:1  | Found a corrupted altar of Lugonu.
192871 | Abyss:1  | Noticed an ancient lich
192881 | Abyss:1  | Killed an ancient lich
192947 | Abyss:1  | Gained mutation: You are frail. (-10% HP) [a cacodemon]
193138 | Abyss:1  | Found a corrupted altar of Lugonu.
193158 | Depths:1 | Escaped the Abyss
193159 | Depths:1 | Lost mutation: You are frail. (-10% HP) [potion of
                  | mutation]
193159 | Depths:1 | Lost mutation: Your flesh is cold resistant. (rC+) [potion
                  | of mutation]
193159 | Depths:1 | Lost mutation: You have hidden genetic potential. [potion
                  | of mutation]
193159 | Depths:1 | Gained mutation: You occasionally shout uncontrollably at
                  | your foes. [potion of mutation]
193159 | Depths:1 | Gained mutation: You do not regenerate when monsters are
                  | visible. [potion of mutation]
193159 | Depths:1 | Gained mutation: Your muscles are strong. (Str +2) [potion
                  | of mutation]
193160 | Depths:1 | Lost mutation: Your muscles are strong. (Str +2) [potion of
                  | mutation]
193160 | Depths:1 | Lost mutation: You have large cloven feet. [potion of
                  | mutation]
193160 | Depths:1 | Gained mutation: You have large cloven feet. [potion of
                  | mutation]
193160 | Depths:1 | Gained mutation: Your spells are a little easier to cast,
                  | but a little less powerful. [potion of mutation]
193160 | Depths:1 | Lost mutation: Your spells are a little easier to cast, but
                  | a little less powerful. [potion of mutation]
193161 | Depths:1 | Lost mutation: You occasionally shout uncontrollably at
                  | your foes. [potion of mutation]
193161 | Depths:1 | Lost mutation: You do not regenerate when monsters are
                  | visible. [potion of mutation]
193161 | Depths:1 | Gained mutation: You sometimes lose the ability to read
                  | scrolls when taking damage. [potion of mutation]
193162 | Depths:1 | Lost mutation: You sometimes lose the ability to read
                  | scrolls when taking damage. [potion of mutation]
193162 | Depths:1 | Lost mutation: You have large cloven feet. [potion of
                  | mutation]
193162 | Depths:1 | Lost mutation: Your system is resistant to poisons. (rPois)
                  | [potion of mutation]
193162 | Depths:1 | Gained mutation: You are frail. (-10% HP) [potion of
                  | mutation]
193162 | Depths:1 | Gained mutation: Your body sometimes deteriorates upon
                  | taking damage. [potion of mutation]
193162 | Depths:1 | Gained mutation: You have a pair of small horns on your
                  | head. [potion of mutation]
193163 | Depths:1 | Lost mutation: Your body sometimes deteriorates upon taking
                  | damage. [potion of mutation]
193163 | Depths:1 | Lost mutation: You have a pair of small horns on your head.
                  | [potion of mutation]
193163 | Depths:1 | Gained mutation: You are occasionally teleported next to
                  | monsters. [potion of mutation]
193164 | Depths:1 | Lost mutation: You are frail. (-10% HP) [potion of
                  | mutation]
193164 | Depths:1 | Gained mutation: Your body sometimes deteriorates upon
                  | taking damage. [potion of mutation]
193164 | Depths:1 | Gained mutation: You passively map a small area around you.
                  | [potion of mutation]
193164 | Depths:1 | Gained mutation: Your spells are a little harder to cast,
                  | but a little more powerful. [potion of mutation]
193165 | Depths:1 | Lost mutation: Your body sometimes deteriorates upon taking
                  | damage. [potion of mutation]
193165 | Depths:1 | Lost mutation: You are occasionally teleported next to
                  | monsters. [potion of mutation]
193165 | Depths:1 | Gained mutation: You are clumsy. (Dex -2) [potion of
                  | mutation]
193165 | Depths:1 | Gained mutation: You tend to lose your temper in combat.
                  | [potion of mutation]
193165 | Depths:1 | Gained mutation: You do not regenerate when monsters are
                  | visible. [potion of mutation]
193165 | Depths:1 | Gained mutation: You are strong-willed. (Will+) [potion of
                  | mutation]
193166 | Depths:1 | Lost mutation: You tend to lose your temper in combat.
                  | [potion of mutation]
193166 | Depths:1 | Gained mutation: You have a beak for a mouth. [potion of
                  | mutation]
193167 | Depths:1 | Lost mutation: You do not regenerate when monsters are
                  | visible. [potion of mutation]
193167 | Depths:1 | Lost mutation: You are clumsy. (Dex -2) [potion of
                  | mutation]
193167 | Depths:1 | Gained mutation: Your body sometimes deteriorates upon
                  | taking damage. [potion of mutation]
193167 | Depths:1 | Gained mutation: You are frail. (-10% HP) [potion of
                  | mutation]
193167 | Depths:1 | Gained mutation: You are weak. (Str -2) [potion of
                  | mutation]
193167 | Depths:1 | Gained mutation: You passively map the area around you.
                  | [potion of mutation]
193168 | Depths:1 | Lost mutation: You are frail. (-10% HP) [potion of
                  | mutation]
193168 | Depths:1 | Lost mutation: You are strong-willed. (Will+) [potion of
                  | mutation]
193168 | Depths:1 | Lost mutation: You passively map the area around you.
                  | [potion of mutation]
193168 | Depths:1 | Gained mutation: You occasionally shout uncontrollably at
                  | your foes. [potion of mutation]
193168 | Depths:1 | Gained mutation: You have hidden genetic potential. [potion
                  | of mutation]
193169 | Depths:1 | !!! MUTATION SYSTEM JUST SUCKS !!!
193169 | Depths:1 | !!! ALSO NEW HELL DRAIN EFFECT SUCKS, DRAINS WAY TO OFTEN
                  | !!!
193170 | Depths:1 | Voluntarily entered the Abyss.
193431 | Depths:1 | Escaped the Abyss
193433 | Depths:1 | Voluntarily entered the Abyss.
193669 | Abyss:2  | Found a corrupted altar of Lugonu.
193788 | Abyss:2  | Received a gift from Okawaru
193875 | Abyss:2  | Found a corrupted altar of Lugonu.
193996 | Abyss:2  | Noticed a dread lich
194016 | Abyss:2  | Killed a dread lich
194057 | Depths:1 | Escaped the Abyss
194209 | Orc:2    | Bought a potion of mutation for 96 gold pieces
194415 | D:3      | Bought a potion of mutation for 112 gold pieces
194415 | D:3      | Lost mutation: You have hidden genetic potential. [potion
                  | of mutation]
194415 | D:3      | Lost mutation: You are weak. (Str -2) [potion of mutation]
194415 | D:3      | Lost mutation: Your spells are a little harder to cast, but
                  | a little more powerful. [potion of mutation]
194415 | D:3      | Gained mutation: You have supernaturally acute eyesight.
                  | (SInv) [potion of mutation]
194415 | D:3      | Gained mutation: You are agile. (Dex +2) [potion of
                  | mutation]
195047 | Tar:7    | Noticed Ereshkigal
195052 | Arena    | Entered the Arena
195086 | Arena    | Killed Ereshkigal
195247 | Tar:7    | Identified the +5 broad axe "Egeugi" {drain, rF+ Dex+3
                  | Stlth+}
195250 | Tar:7    | Got a bone rune of Zot
195256 | Tar:7    | Identified the +7 dagger of Dismemberment {elec, Int+4}
195257 | Tar:7    | Identified the +5 scale mail "Jiugeh" {rC+ Regen+ Str+3
                  | Dex+4}
196048 | Dis:1    | Entered Level 1 of the Iron City of Dis
196186 | Dis:1    | Noticed a dread lich
196208 | Hell     | Killed a dread lich
196312 | Dis:2    | Noticed a juggernaut
196317 | Dis:2    | Noticed a juggernaut
196323 | Hell     | Killed a juggernaut
196375 | Dis:2    | Noticed a juggernaut
196379 | Dis:2    | Noticed a juggernaut
196384 | Dis:2    | Noticed a juggernaut
196386 | Hell     | Killed a juggernaut
196392 | Hell     | Reached skill level 24 in Fighting
196465 | Hell     | Killed a juggernaut
196525 | Hell     | Killed a juggernaut
196530 | Hell     | Received a gift from Okawaru
196673 | Dis:2    | Noticed a juggernaut
196677 | Dis:2    | Killed a juggernaut
196702 | Dis:2    | Killed a juggernaut
196933 | Dis:4    | Learned a level 8 spell: Maxwell's Capacitive Coupling
197125 | Dis:5    | Received a gift from Okawaru
197653 | Depths:1 | Voluntarily entered the Abyss.
198000 | Depths:1 | Escaped the Abyss
198004 | Depths:1 | Voluntarily entered the Abyss.
198507 | Abyss:1  | Paralysed by accursed screaming for 1 turns
198899 | Abyss:1  | Received a gift from Okawaru
198962 | Depths:1 | Escaped the Abyss
199440 | Arena    | Entered the Arena
199603 | Dis:6    | Received a gift from Okawaru
199651 | Dis:7    | Entered Level 7 of the Iron City of Dis
199794 | Dis:7    | Received a gift from Okawaru
199825 | Dis:7    | Received a gift from Okawaru
200021 | Dis:7    | Received a gift from Okawaru
200122 | Dis:7    | Reached skill level 15 in Stealth
200181 | Dis:7    | Reached skill level 25 in Fighting
200447 | Dis:7    | Noticed an ancient lich
200451 | Dis:7    | Killed an ancient lich
200942 | Dis:7    | Noticed a juggernaut
200944 | Dis:7    | Found the +4 staff of Dispater
200944 | Dis:7    | Noticed Dispater
200945 | Dis:7    | Killed a juggernaut
200948 | Arena    | Entered the Arena
200951 | Arena    | Killed Dispater
200986 | Dis:7    | Identified the +8 great sword "Plog" {antimagic, rN+ SInv}
200988 | Dis:7    | Got an iron rune of Zot
201563 | Tomb:1   | Entered Level 1 of the Tomb of the Ancients
201669 | Tomb:1   | Identified the +0 ring mail of Tafyc {Str+4 Dex+6} (Okawaru
                  | gifted it to you on level 1 of the Tomb of the Ancients)
201669 | Tomb:1   | Received a gift from Okawaru
202178 | Tomb:1   | Noticed a royal mummy
202178 | Tomb:1   | Noticed a royal mummy
202202 | Tomb:1   | Killed a royal mummy
202276 | Tomb:1   | Killed a royal mummy
203135 | Crypt:3  | Learned a level 8 spell: Borgnjor's Revivification
203448 | Tomb:2   | Upgraded the game from 0.28-a0-863-g8cecda6153 to
                  | 0.28-a0-881-gae16bb6c82
203450 | Tomb:2   | Noticed a royal mummy
203450 | Tomb:2   | Noticed a royal mummy
203455 | Tomb:2   | Noticed a royal mummy
203460 | Tomb:2   | Noticed a royal mummy
203460 | Tomb:2   | Noticed a royal mummy
203471 | Tomb:2   | Killed a royal mummy
203475 | Tomb:2   | Killed a royal mummy
203496 | Tomb:2   | Reached skill level 15 in Evocations
203500 | Tomb:2   | Killed a royal mummy
203522 | Tomb:2   | Killed a royal mummy
203547 | Tomb:2   | Killed a royal mummy
203547 | Tomb:2   | Received a gift from Okawaru
204229 | Tomb:1   | Noticed a royal mummy
204229 | Tomb:1   | Noticed a royal mummy
204230 | Tomb:1   | Killed a royal mummy
204230 | Tomb:1   | Received a gift from Okawaru
204234 | Tomb:1   | Noticed a royal mummy
204246 | Tomb:1   | Killed a royal mummy
204257 | Tomb:1   | Killed a royal mummy
204261 | Tomb:1   | Noticed a royal mummy
204270 | Tomb:1   | Killed a royal mummy
204271 | Tomb:1   | Noticed a royal mummy
204279 | Tomb:1   | Killed a royal mummy
204280 | Tomb:1   | Noticed a royal mummy
204287 | Tomb:1   | Killed a royal mummy
204290 | Tomb:1   | Noticed a royal mummy
204298 | Tomb:1   | Killed a royal mummy
204300 | Tomb:1   | Noticed a royal mummy
204306 | Tomb:1   | Noticed a royal mummy
204308 | Tomb:1   | Killed a royal mummy
204322 | Tomb:1   | Killed a royal mummy
204341 | Tomb:1   | Noticed a royal mummy
204348 | Tomb:1   | Killed a royal mummy
204502 | Tomb:1   | Noticed a royal mummy
204519 | Tomb:1   | Noticed a royal mummy
204523 | Tomb:1   | Noticed a royal mummy
204544 | Tomb:1   | Killed a royal mummy
204549 | Tomb:1   | Killed a royal mummy
204549 | Tomb:1   | Identified the +1 hat of the Many Tales {Str+5} (Okawaru
                  | gifted it to you on level 1 of the Tomb of the Ancients)
204549 | Tomb:1   | Received a gift from Okawaru
204554 | Tomb:1   | Killed a royal mummy
204583 | Tomb:1   | Noticed a royal mummy
204599 | Tomb:1   | Killed a royal mummy
204627 | Tomb:1   | Noticed a royal mummy
204647 | Tomb:1   | Killed a royal mummy
204737 | Tomb:1   | Noticed a royal mummy
204779 | Tomb:1   | Killed a royal mummy
204867 | Tomb:2   | Noticed Khufu
204867 | Tomb:2   | Noticed a royal mummy
204867 | Tomb:2   | Noticed a royal mummy
204872 | Tomb:2   | Identified the +2 ring mail of the Griffon {rPois rC+
                  | rCorr}
204887 | Tomb:2   | Killed Khufu
204896 | Tomb:2   | Killed a royal mummy
204920 | Tomb:2   | Killed a royal mummy
205158 | Tomb:3   | Entered Level 3 of the Tomb of the Ancients
205174 | Tomb:3   | Noticed a royal mummy
205174 | Tomb:3   | Noticed a royal mummy
205220 | Tomb:3   | Killed a royal mummy
205254 | Tomb:3   | Killed a royal mummy
205326 | Tomb:3   | Noticed a royal mummy
205338 | Tomb:3   | Killed a royal mummy
205346 | Tomb:3   | Noticed a royal mummy
205359 | Tomb:3   | Killed a royal mummy
205400 | Tomb:3   | Received a gift from Okawaru
205554 | Tomb:3   | Noticed a royal mummy
205597 | Tomb:3   | Killed a royal mummy
205717 | Tomb:3   | Noticed a royal mummy
205722 | Tomb:3   | Killed a royal mummy
205723 | Tomb:3   | Reached skill level 15 in Earth Magic
205907 | Tomb:3   | Noticed a royal mummy
205923 | Tomb:3   | Noticed a royal mummy
205946 | Tomb:3   | Killed a royal mummy
205952 | Tomb:3   | Killed a royal mummy
205997 | Tomb:3   | Noticed a royal mummy
206020 | Tomb:3   | Killed a royal mummy
206116 | Tomb:3   | Got a golden rune of Zot
206118 | Tomb:3   | Identified the +0 helmet of the Shining Light {Dex+3 SInv
                  | Stlth+}
206156 | Tomb:3   | Found the +7 great mace "Firestarter" {inner flame, rF++}
206179 | Tomb:3   | Identified the amulet "Pill" {Acrobat Slay+2}
206200 | Tomb:3   | Identified the +11 spear "Umed" {freeze, rPois rF+}
206654 | Zig:1    | Entered Level 1 of a ziggurat
206682 | Zig:2    | Entered Level 2 of a ziggurat
206714 | Zig:2    | Identified the +1 ring mail of the Marlin {rF+ rC+ Str-2}
206725 | Zig:3    | Entered Level 3 of a ziggurat
206733 | Zig:3    | Received a gift from Okawaru
206780 | Zig:4    | Entered Level 4 of a ziggurat
206822 | Zig:4    | Identified the +5 chain mail of Avvoug {Fly rPois rC-
                  | rCorr}
206825 | Zig:5    | Entered Level 5 of a ziggurat
206861 | Zig:6    | Entered Level 6 of a ziggurat
206907 | Zig:6    | Identified the +2 robe of Indecent Exposure {*Slow Str-5
                  | Int+4 SInv}
206912 | Zig:6    | Identified the +5 flail of Xom's Delight {spect, +Blink rN+
                  | MP+9}
206953 | Zig:7    | Entered Level 7 of a ziggurat
206967 | Zig:7    | Received a gift from Okawaru
207011 | Zig:8    | Entered Level 8 of a ziggurat
207036 | Zig:8    | Paralysed by an air elemental for 1 turns
207215 | Zig:9    | Entered Level 9 of a ziggurat
207255 | Zig:9    | Learned a level 1 spell: Foxfire
207265 | Zig:9    | Identified the ring "Juder" {rCorr EV+4}
207280 | Zig:10   | Entered Level 10 of a ziggurat
207287 | Zig:10   | Noticed an ancient lich
207288 | Zig:10   | Noticed a dread lich
207288 | Zig:10   | Noticed a dread lich
207289 | Zig:10   | Noticed an ancient lich
207290 | Zig:10   | Noticed a dread lich
207301 | Zig:10   | Killed an ancient lich
207312 | Zig:10   | Killed a dread lich
207313 | Zig:10   | Killed an ancient lich
207325 | Zig:10   | Killed a dread lich
207328 | Zig:10   | Killed a dread lich
207443 | Zig:11   | Entered Level 11 of a ziggurat
207451 | Zig:11   | Found the ring of the Octopus King
207561 | Zig:11   | Identified the +7 scimitar of Severance {elec, Str+2}
207562 | Zig:11   | Identified a ring of the Octopus King {Wiz AC+1 EV+1 Str+1
                  | Int+1 Dex+1}
207575 | Zig:11   | Identified the ring of Meuwunio {rPois Str+4}
207593 | Zig:12   | Entered Level 12 of a ziggurat
207742 | Zig:12   | Identified the +1 glaive "Gaazorgh" {vorpal, rF+ rC+
                  | Stlth+}
207746 | Zig:12   | Acquired 1111 gold pieces
207858 | Zig:13   | Entered Level 13 of a ziggurat
207862 | Zig:13   | Noticed an ancient lich
207863 | Zig:13   | Noticed an ancient lich
207868 | Zig:13   | Noticed an ancient lich
207871 | Zig:13   | Killed an ancient lich
207908 | Zig:13   | Received a gift from Okawaru
207917 | Zig:13   | Killed an ancient lich
207923 | Zig:13   | Killed an ancient lich
207991 | Zig:13   | Found the +6 shillelagh "Devastator" {shatter}
208005 | Zig:13   | Identified the +7 dire flail of Zeups {antimagic, Fly}
208857 | Zot:5    | Got the Orb of Zot
208928 | Zot:2    | Received a gift from Okawaru
209044 | Depths:4 | Noticed Jelarit the pandemonium lord
209149 | D:15     | Noticed Kotiget the pandemonium lord
209387 | D:$      | Escaped with the Orb!

Illustrated notes ############### #p.▓.p▓∩▓p.▓p.# #▓▓▓▓▓▓▓▓▓▓▓▓▓# #...J..JJ.....# #.8..JJ8....8.# #....JJJ......# #▓▓▓▓▓▓▓▓▓▓▓▓▓# #...pp.▓.pp...# ############### Turn 130238 on Arena: !!! DONT DUEL TRJ. it wont help against jelly spawn

!!! ...#
#.#....∩...###.#...## ...#
#.#........#...##### ...#
#.########.#......#
...######..........#......#
...................#......#
..........##########(..>..#
#.........................#
#..#######[#......[####.###
#......###....[|@....##.#
........##....?=...#.##.#
..#.##..##.....∩...#....#
.....#..##.........##...#
#....'[.##.#.......##...#
.....##)##'#.......##...#
..##.........##.#.......#
..##.........##.#####.).#
####.........##.#
#...#########


Turn 193169 on Depths:1: !!! MUTATION SYSTEM JUST SUCKS !!!

Levels and vault maps discovered:
D:1:      dpeg_arrival_boxes_within_box, layout_loops_corners,
          lexackson_kobold_supper
D:2:      layout_basic, ebering_ecumenical_altar_box, minmay_shallow_snake_nest,
          uniq_jessica
D:3:      wander_river, layout_loops_ring, lemuel_round_altar, minitemple,
          serial_shops, nicolae_diamond_shop
D:4:      layout_rooms, gammafunk_ghost_arena, chequers_garden
D:5:      layout_gridville, gammafunk_ghost_nasty_kobolds, fountainhead
D:6:      layout_rooms, temple_fountains, gammafunk_ghost_hive, serial_shops,
          nicolae_lakefront_shop
D:7:      layout_cave_pools, mainiacjoe_overflow_small_starburst,
          enter_ossuary_4, dk_noncrumbling_4, nicolae_shop_overcharged_wands
D:8:      layout_cave_pods, mainiacjoe_overflow_concentric_impassable,
          kennysheep_generic_room_12
D:9:      layout_rooms, mainiacjoe_overflow_catwalk, kb_lookout_dungeons_type
D:10:     layout_small_grid, erik_lair_orcish_takeover
D:11:     layout_stronghold, minmay_alternating_orb, uniq_snorg, uniq_nergalle
D:12:     layout_basic, orc_0_dummy, ebering_ghost_disaster_area,
          nicolae_sif_muna_condensation, uniq_jorgrun, uniq_sonja, uniq_kirke
D:13:     layout_basic, david_vaults_5
D:14:     layout_rooms
D:15:     gammafunk_enter_depths_forms, layout_layer_cave, okawaru_trees_2,
          nicolae_kikubaaqudgha_miasma_corner, uniq_nessos
Temple:   cyrus_circular_temple
Lair:1:   layout_regular_city, portal_ice_cave_entry_ice_simulacra
Lair:2:   layout_cave_shapes, uniq_fannar
Lair:3:   layout_loops_ring, guppyfry_snake_entry_garden,
          nicolae_volcano_entry_lava_flow, lemuel_fruit_tree,
          infiniplex_staircase_pool, uniq_gastronok, uniq_prince_ribbit2
Lair:4:   lemuel_reptile_caves, layout_big_grid, minmay_swamp_entry_worms
Lair:5:   layout_regular_city, chequers_serial_rivers_micro_c,
          serial_bayou_lagoon_a
Lair:6:   minmay_lair_end_enchanted_forest, layout_layer_cave, slime_altar_2,
          columned_hall_lemuel
Swamp:1:  layout_basic_swamp, evilmike_swamp_ruin_rubble_1,
          infiniplex_staircase_pool_2
Swamp:2:  layout_falls_marsh, nicolae_swamp_ascending_descending, swamp_pool2
Swamp:3:  layout_basic_swamp, hangedman_swamp_diagram
Swamp:4:  swamp_basic_johnstein, layout_basic_swamp, swamp_pool1,
          nicolae_swamp_hydra_murder_den
Snake:1:  layout_chambers, grunt_megastairs_1
Snake:2:  nicolae_snake_shooting_gallery, layout_misc_corridors,
          nicolae_shop_clearance
Snake:3:  layout_layer_cave, lightli_airlock
Snake:4:  hellmonk_snake_rune_quicksilver_temple, layout_misc_corridors,
          serial_bayou_shore_b, minmay_shoptagon, uniq_vashnia, uniq_asterion
Slime:1:  layout_caves, cheibrodos_slime_lost_civilization_6
Slime:2:  cheibrodos_slime_lost_civilization_10, layout_caves
Slime:3:  layout_caves
Slime:4:  layout_caves, uniq_dissolution
Slime:5
Orc:1:    layout_caves, serial_shops, nicolae_shop_trees, nicolae_shop_gadgets
Orc:2:    st_orc_ogre_mass, layout_diamond_mine, nicolae_orc_rockfall
Elf:1:    eino_elf_arrival_altar, layout_gridlike, special_room
          [special_room_orc], basic_altar, minmay_elf_necromancy,
          nicolae_shop_self_help, grunt_megastairs_5, uniq_roxanne
Elf:2:    nicolae_elf_blades_splatter_lattice [nicolae_blade_little_rooms],
          layout_geoelf_octagon, moated_statue
Elf:3:    nooodl_elf_gasket, layout_geoelf_octagon, hex_medium
Vaults:1: v_rooms_3, vaults_room_octagon, nicolae_vaults_asterisk,
          ontoclasm_vaults_eye, nicolae_vaults_alarming, vaults_room_fours,
          layout_vaults_omnigrid
Vaults:2: dpeg_vaults_monster_box, nicolae_vaults_border_crossing, v_misc_4,
          v_misc_28, hangedman_vaults_stitches, v_alt_pattern_1,
          hangedman_vaults_locks, nicolae_vaults_ring_of_whatevers, v_misc_13,
          vaults_room_ringed_pool, nicolae_vaults_gold_heap,
          layout_vaults_omnicross, serial_shops, shop, shop, uniq_sojobo
Vaults:3: serial_ice_h, nicolae_vaults_network_s, v_alt_pattern_3,
          grunt_vaults_focal, minmay_crypt_entry_skeletal_spiral,
          ontoclasm_vaults_shuriken, v_misc_30, hangedman_vaults_restitches,
          nicolae_vaults_diagonal_hallway_6, vaults_dpeg_hooks, v_misc_2,
          vaults_room_pool, layout_vaults_chaotic_city
Vaults:4: nicolae_vaults_specimen_jars, v_rooms_5, v_rooms_2, v_pattern_2,
          nicolae_vaults_triangles, v_misc_9, vaults_dpeg_cross,
          nicolae_vaults_asterisk, v_misc_13, hangedman_vaults_maws,
          nicolae_vaults_statue_guard, layout_vaults_omnibox, uniq_jory
Vaults:5
Crypt:1:  layout_misc_corridors, minmay_misc_feat_columns
Crypt:2:  layout_basic, uniq_donald
Crypt:3:  evilmike_haunted_forest
Tomb:1
Tomb:2:   uniq_khufu
Tomb:3
Depths:1: layout_basic, enter_ziggurat_a, serial_shops, shop,
          nicolae_diamond_shop, hell_entry, abyss_entry, kennysheep_nub,
          rand_demon_pan_entry_1, nicolae_sextant, due_unseen_surprise
Depths:2: minmay_the_grid_four_pointed_star_mashed
          [minmay_the_grid_triangle_9x9_zippers_vertical,
          minmay_the_grid_triangle_9x9_warning,
          minmay_the_grid_triangle_9x9_minimal,
          minmay_the_grid_triangle_9x9_dagger,
          minmay_the_grid_prize_diamond_cup], layout_long_grid,
          minmay_room_of_horrors, rand_demon_pan_entry_9, mu_enter_wizlab_5,
          hell_entry, amcnicky_mini_rare_corridor_liquid, drop_trap,
          pdpol_wu_jian_five_deadly_venoms
Depths:3: hangedman_elemental_death_ray, layout_cave_shapes, solitary_fountain,
          nicolae_trove_entry_crystal, abyss_entry, serial_shops, shop,
          pf_hell_entry_great_geh, roderic_lattice_a,
          serial_sigils_hangedman_snap
Depths:4: grunt_bruiser_brothers, layout_gridville,
          nicolae_qazlal_general_emergency, hell_entry, minivault_16, uniq_boris
Hell
Dis:1:    layout_gridville, special_room [special_room_morgue],
          minmay_strange_pillars
Dis:2:    nicolae_hells_titanomachy
Dis:3:    layout_gridville, hangedman_dis_decor_tower
Dis:4:    layout_subdivisions, nicolae_dis_scattering
Dis:5:    layout_jigsaw
Dis:6:    nicolae_dis_pentagon_1, layout_jigsaw,
          nicolae_dis_metal_dragon_surprise
Dis:7:    dis_st
Geh:1:    layout_gehenna_lava_caves, gehenna_fire_generator
Geh:2:    layout_gehenna_lava_caves
Geh:3:    layout_gehenna_pools_basic
Geh:4:    layout_gehenna_pools_basic, nicolae_geh_lava_in_the_way
Geh:5:    layout_gehenna_pools_basic, nicolae_geh_sunburst,
          lemuel_flamethrower_2
Geh:6:    layout_gehenna_lava_caves, hangedman_elemental_grid_stream
Geh:7:    evilmike_geh
Coc:1:    layout_cocytus_delve
Coc:2:    layout_cocytus_water_paths
Coc:3:    layout_ice_bergs
Coc:4:    layout_cocytus_water_paths
Coc:5:    layout_ice_bergs
Coc:6:    layout_ice_bergs
Coc:7:    coc_old
Tar:1:    layout_catacombs
Tar:2:    layout_grid_maze
Tar:3:    layout_grid_maze, nicolae_tar_combstack
Tar:4:    layout_grid_maze, nicolae_tar_liches_on_tour
Tar:5:    layout_grid_maze
Tar:6:    layout_honeycomb
Tar:7:    tar_minmay_river
Zot:1:    layout_gridville, gammafunk_ghost_tricky_traps
Zot:2:    nicolae_zot_stationary_front, layout_onion_interference,
          zot_minivault_3
Zot:3:    layout_gridlike, hangedman_zot_spectrum
Zot:4:    layout_misc_corridors, grunt_megastairs_4
Zot:5:    layout_basic

Skill      XL: |  1  2  3  4  5  6  7  8  9 10 11 12 13 14 15 16 17 18 19 20 21 22 23 24 25 26 27 |
---------------+----------------------------------------------------------------------------------+-----
Armour         | 1 2 3 4 6 7 8 9 10 11 12 13 15 16 17 21 | 21.8
Dodging        | 2 3 5 7 8 9 11 21 | 21.5
Fighting       | 5 6 7 8 9 10 11 12 14 16 17 18 19 20 21 22 25 | 25.0
Invocations    | 1 2 3 4 7 10 11 12 | 12.5
Unarmed Combat | 1 3 4 5 6 7 9 10 11 12 13 14 15 16 17 18 19 20 21 22 | 22.0
Shields        | 2 3 4 8 10 11 12 13 14 15 23 | 23.4
Evocations     | 3 5 7 8 15 | 15.0
Spellcasting   | 1 3 4 5 6 7 8 10 11 12 13 15 20 | 20.9
Transmutations | 2 3 4 5 6 9 10 17 | 17.2
Earth Magic    | 2 3 4 6 8 9 11 16 | 16.2
Crossbows      | 3 5 |  5.0
Conjurations   | 3 7 8 9 10 12 15 | 15.0
Translocations | 4 |  4.0
Stealth        | 5 6 10 15 | 15.0
Air Magic      | 5 7 9 18 | 18.0
Necromancy     | 5 20 | 20.0
Throwing       | 12 | 12.0
Fire Magic     | 9 |  9.6
Short Blades   | |  1.0

Action                   |  1- 3 |  4- 6 |  7- 9 | 10-12 | 13-15 | 16-18 | 19-21 | 22-24 | 25-27 || total
-------------------------+-------+-------+-------+-------+-------+-------+-------+-------+-------++-------
Melee: Dagger            |   129 |   100 |   127 |       |       |       |       |       |       ||   356
       Punch             |       |     1 |     4 |       |       |       |       |       |    21 ||    26
       Unarmed           |       |       |   458 |   529 |   873 |  1091 |  1929 |  2110 |  7499 || 14489
       Hand crossbow     |       |       |       |       |       |     2 |     1 |       |       ||     3
       Staff             |       |       |       |       |       |       |     1 |       |       ||     1
       Kick              |       |       |       |       |       |       |       |    48 |   368 ||   416
       Headbutt          |       |       |       |       |       |       |       |       |   508 ||   508
       Peck              |       |       |       |       |       |       |       |       |   496 ||   496
 Fire: Hand crossbow     |       |       |       |    30 |   724 |  1211 |   734 |   510 |   727 ||  3936
Throw: Stone             |    26 |    19 |     8 |    40 |     7 |       |       |       |       ||   100
       Dart              |     3 |     7 |    40 |   157 |   162 |    32 |    12 |       |    17 ||   430
       Boomerang         |       |       |       |     8 |       |       |       |       |       ||     8
       Javelin           |       |       |       |       |     4 |     6 |     3 |    20 |   363 ||   396
 Cast: Passwall          |       |       |       |     3 |     5 |     7 |     5 |    42 |    97 ||   159
       Stone Arrow       |       |       |       |       |     3 |    88 |    21 |    18 |       ||   130
       Wereblood         |       |       |       |       |       |     5 |     1 |     8 |     6 ||    20
       Lee's Rapid Decon |       |       |       |       |       |     7 |    23 |    30 |    38 ||    98
       Apportation       |       |       |       |       |       |       |     9 |    40 |   100 ||   149
       Blink             |       |       |       |       |       |       |     2 |     6 |     9 ||    17
       Irradiate         |       |       |       |       |       |       |       |    22 |    67 ||    89
       Statue Form       |       |       |       |       |       |       |       |    18 |   393 ||   411
       Iron Shot         |       |       |       |       |       |       |       |    41 |   168 ||   209
       Lightning Bolt    |       |       |       |       |       |       |       |     1 |    51 ||    52
       Dispel Undead     |       |       |       |       |       |       |       |       |     8 ||     8
       Storm Form        |       |       |       |       |       |       |       |       |    39 ||    39
       Orb of Destructio |       |       |       |       |       |       |       |       |   117 ||   117
       Necromutation     |       |       |       |       |       |       |       |       |    62 ||    62
       Maxwell's Capacit |       |       |       |       |       |       |       |       |    18 ||    18
       Sublimation of Bl |       |       |       |       |       |       |       |       |     9 ||     9
Invok: Heroism           |       |       |     4 |    19 |    40 |    39 |    28 |    34 |   117 ||   281
       Duel              |       |       |       |     1 |     3 |       |     2 |     4 |    22 ||    32
       Finesse           |       |       |       |     1 |       |     5 |     3 |     3 |    35 ||    47
 Abil: End Transformatio |       |       |       |       |       |       |       |     2 |     8 ||    10
       Blinkbolt         |       |       |       |       |       |       |       |       |    19 ||    19
Evoke: Wand              |       |       |    24 |    87 |    26 |    44 |    37 |    39 |    48 ||   305
       Phial of floods   |       |       |       |     1 |     3 |       |     2 |     3 |       ||     9
       Piece from Xom's  |       |       |       |       |     3 |     4 |       |     1 |       ||     8
       Tin of tremorston |       |       |       |       |       |     3 |     2 |     6 |     7 ||    18
       Condenser vane    |       |       |       |       |       |     1 |       |     3 |     9 ||    13
       Lightning rod     |       |       |       |       |       |       |       |       |     4 ||     4
       Figurine of a zig |       |       |       |       |       |       |       |       |     1 ||     1
  Use: Scroll            |       |     4 |    11 |    10 |     4 |    12 |    11 |    24 |    25 ||   101
       Potion            |       |       |     4 |       |       |     3 |       |    16 |    64 ||    87
 Stab: Sleeping          |     5 |     2 |       |     2 |     1 |     4 |     7 |    15 |   136 ||   172
       Paralysed         |       |       |    11 |     7 |     5 |    15 |    14 |    34 |    64 ||   150
       Distracted        |       |       |       |     2 |     2 |     3 |     1 |     2 |    64 ||    74
       Petrified         |       |       |       |       |     1 |       |       |       |       ||     1
       Confused          |       |       |       |       |       |     3 |       |       |       ||     3
       Invisible         |       |       |       |       |       |       |       |       |     2 ||     2
       Petrifying        |       |       |       |       |       |       |       |       |     1 ||     1
Armor: Robe              |    34 |       |       |       |       |       |       |       |       ||    34
       Ring mail         |     4 |     5 |       |       |       |   206 |       |       |       ||   215
       Leather armour    |     1 |       |       |       |       |       |       |       |       ||     1
       Scale mail        |       |    21 |   150 |       |       |       |       |       |       ||   171
       Chain mail        |       |       |    44 |    49 |       |       |       |       |       ||    93
       Animal skin       |       |       |       |    93 |   168 |     8 |       |       |       ||   269
       Swamp dragon scal |       |       |       |       |       |   177 |       |       |       ||   177
       Quicksilver drago |       |       |       |       |       |   116 |   663 |   454 |   636 ||  1869
       Skin              |       |       |       |       |       |       |       |   101 |  1229 ||  1330
Dodge: Dodged            |    70 |    48 |   214 |   144 |   333 |   885 |   992 |  1077 |  4062 ||  7825
Block: Other             |     2 |    12 |    42 |       |       |       |       |       |    28 ||    84
       Buckler           |       |       |   134 |   219 |   308 |   735 |       |       |       ||  1396
       Reflection        |       |       |    11 |     6 |    11 |   161 |   150 |    46 |    78 ||   463
       Kite shield       |       |       |       |       |       |    89 |  1626 |  1664 |  3343 ||  6722
       Tower shield      |       |       |       |       |       |       |       |       |  5421 ||  5421

Table legend: (Time is in decaauts)
 A = Elapsed time spent in this place.
 B = Non-inter-level travel time spent in this place.
 C = Inter-level travel time spent in this place.
 D = Time resting spent in this place.
 E = Time spent auto-exploring this place.
 F = Levels seen in this place.
 G = Mean time per level.
                   A        B        C        D        E       F      G
               +--------+--------+--------+--------+--------+-----+--------+
         Total | 214544 | 190262 |  24282 |  71969 |  27163 | 172 | 1247.3 |
       Dungeon |  33162 |  24884 |   8278 |   7518 |   7903 |  15 | 2210.8 |
        Temple |     76 |     74 |      2 |      0 |      0 |   1 |   76.0 |
          Lair |  14569 |  12967 |   1602 |   4317 |   2994 |   6 | 2428.2 |
         Swamp |   7781 |   7459 |    322 |   3672 |    736 |   4 | 1945.2 |
     Snake Pit |  19850 |  17787 |   2063 |   9627 |   2971 |   4 | 4962.5 |
    Slime Pits |   2974 |   2905 |     69 |   1422 |      0 |   5 |  594.8 |
  Orcish Mines |   4354 |   3041 |   1313 |    744 |    753 |   2 | 2177.0 |
   Elven Halls |  15502 |  14438 |   1064 |   8049 |    987 |   3 | 5167.3 |
        Vaults |  22516 |  20475 |   2041 |   9498 |   4282 |   5 | 4503.2 |
         Crypt |   6732 |   5837 |    895 |   1545 |   1015 |   3 | 2244.0 |
          Tomb |   5002 |   4595 |    407 |    967 |     59 |   3 | 1667.3 |
        Depths |  15591 |  12946 |   2645 |   6244 |   2178 |   4 | 3897.8 |
          Hell |   5917 |   5157 |    760 |   3979 |    302 |   1 | 5917.0 |
           Dis |   3678 |   3076 |    602 |     85 |      0 |   7 |  525.4 |
       Gehenna |   4607 |   4429 |    178 |   1141 |      0 |   7 |  658.1 |
       Cocytus |   4554 |   3903 |    651 |    162 |      0 |   7 |  650.6 |
      Tartarus |   3846 |   3360 |    486 |     39 |      0 |   7 |  549.4 |
           Zot |  16636 |  15738 |    898 |   6159 |   2309 |   5 | 3327.2 |
         Abyss |   9186 |   9186 |      0 |    238 |    514 |  23 |  399.4 |
   Pandemonium |  10119 |  10119 |      0 |   3253 |      0 |  10 | 1011.9 |
      Ziggurat |   1354 |   1354 |      0 |    482 |      0 |  13 |  104.2 |
         Trove |     51 |     51 |      0 |      0 |      0 |   1 |   51.0 |
       Ossuary |    599 |    599 |      0 |    179 |      0 |   1 |  599.0 |
      Ice Cave |   2648 |   2648 |      0 |   1489 |    128 |   1 | 2648.0 |
       Volcano |    699 |    699 |      0 |    332 |      0 |   1 |  699.0 |
        Wizlab |   1437 |   1437 |      0 |    307 |     29 |   1 | 1437.0 |
         Arena |   1091 |   1091 |      0 |    509 |      0 |  32 |   34.1 |
               +--------+--------+--------+--------+--------+-----+--------+

Top non-repeatable levels by time:
   Elf:3: 8120 daAuts
 Abyss:1: 8108 daAuts
 Snake:3: 7583 daAuts
Vaults:4: 5929 daAuts
    Hell: 5917 daAuts
   Zot:5: 5680 daAuts
    D:15: 5348 daAuts
Depths:4: 5305 daAuts
 Snake:2: 4977 daAuts
Vaults:3: 4625 daAuts
 Snake:4: 4505 daAuts
Vaults:1: 4391 daAuts
   Elf:1: 4079 daAuts
Depths:1: 4068 daAuts
Vaults:5: 3950 daAuts
